Workbook

Sheet ORÇAMENTO
A1: PLANILHA ORÇAMENTÁRIA
A2: PREFEITURA MUNICIPAL DE RIO LARGO
A3: SECRETARIA MUNICIPAL DE INFRAESTRUTURA
A4: BASE: | B4: SINAPI SETEMBRO 2025 E ORSE SETEMBRO 2025
A5: OBJETO: | B5: REVITALIZAÇÃO DA ORLA FLUVIAL DO RIO MUNDAÚ, NO MUNICÍPIO DE RIO LARGO/AL
H9: Valor Final do Orçamento | J9: =I12 + I16 + I25 + I30 + I37 + I72 + I78 + I88 + I95 + I110 + I116 + I128 + I168 + I176 + I213 + I226 + I279 + I288 + I291 + I310 + I313 + I321 + I353 + I360 + I368 + I371 + I393 + I399 + I410 + I413 + I426 + I429 + I444 + I537 + I616 + I619 + I622 -> 12004843
H10: BDI | J10: 0.2882
A11: Item | B11: Código | C11: Banco | D11: Descrição | E11: Und | F11: Quant. | G11: Valor Unit | H11: Valor Unit com BDI | I11: Total | J11: Peso (%)
A12: 1 | D12: SERVIÇOS PRELIMINARES (ORLA FLUVIAL) | F12: 1 | H12: =I13 + I14 + I15 -> 24463.02 | I12: =ROUND(F12 * H12,2) -> 24463.02 | J12: =I12 / J9 -> 0.0020377625 | M12: 1
A13: 1.1 | B13: 103689 | C13: SINAPI | D13: FORNECIMENTO E INSTALAÇÃO DE PLACA DE OBRA COM CHAPA GALVANIZADA E ESTRUTURA DE MADEIRA. AF_03/2022_PS | E13: m² | F13: =ROUND(M13,2) -> 21 | G13: 461.91 | H13: =ROUND(ROUND(G13 * $J$10, 2) + G13, 2) -> 595.03 | I13: =ROUND(F13 * H13,2) -> 12495.63 | J13: =I13 / J9 -> 0.0010408824 | K13: =TRUNC(M13,2) -> 21 | M13: 21
A14: 1.2 | B14: 99059 | C14: SINAPI | D14: LOCAÇÃO CONVENCIONAL DE OBRA, UTILIZANDO GABARITO DE TÁBUAS CORRIDAS PONTALETADAS A CADA 2,00M - 2 UTILIZAÇÕES. AF_03/2024 | E14: M | F14: =ROUND(M14,2) -> 151.56 | G14: 57.31 | H14: =ROUND(ROUND(G14 * $J$10, 2) + G14, 2) -> 73.83 | I14: =ROUND(F14 * H14,2) -> 11189.67 | J14: =I14 / J9 -> 0.00093209629 | K14: =TRUNC(M14,2) -> 151.56 | M14: 151.56
A15: 1.3 | B15: 98525 | C15: SINAPI | D15: LIMPEZA MECANIZADA DE CAMADA VEGETAL, VEGETAÇÃO E PEQUENAS ÁRVORES (DIÂMETRO DE TRONCO MENOR QUE 0,20 M), COM TRATOR DE ESTEIRAS. AF_03/2024 | E15: m² | F15: =ROUND(M15,2) -> 984.45 | G15: 0.61 | H15: =ROUND(ROUND(G15 * $J$10, 2) + G15, 2) -> 0.79 | I15: =ROUND(F15 * H15,2) -> 777.72 | J15: =I15 / J9 -> 6.4783852e-05 | K15: =TRUNC(M15,2) -> 984.45 | M15: 984.45
A16: 2 | D16: DEMOLIÇÃOS E REMOÇÃO | F16: 1 | H16: =I17 + I18 + I19 + I20 + I21 + I22 + I23 + I24 -> 72524.15 | I16: =ROUND(F16 * H16,2) -> 72524.15 | J16: =I16 / J9 -> 0.0060412408 | K16: =TRUNC(M16,2) -> 1 | M16: 1
A17: 2.1 | B17: 104790 | C17: SINAPI | D17: DEMOLIÇÃO DE PISO DE CONCRETO SIMPLES, DE FORMA MECANIZADA COM MARTELETE, SEM REAPROVEITAMENTO. AF_09/2023 | E17: m³ | F17: =ROUND(M17,2) -> 117.36 | G17: 93.59 | H17: =ROUND(ROUND(G17 * $J$10, 2) + G17, 2) -> 120.56 | I17: =ROUND(F17 * H17,2) -> 14148.92 | J17: =I17 / J9 -> 0.001178601 | K17: =TRUNC(M17,2) -> 117.36 | M17: 117.36052
A18: 2.2 | B18: 97636 | C18: SINAPI | D18: DEMOLIÇÃO PARCIAL DE PAVIMENTO ASFÁLTICO, DE FORMA MECANIZADA, SEM REAPROVEITAMENTO. AF_09/2023 | E18: m² | F18: =ROUND(M18,2) -> 699.22 | G18: 20.68 | H18: =ROUND(ROUND(G18 * $J$10, 2) + G18, 2) -> 26.64 | I18: =ROUND(F18 * H18,2) -> 18627.22 | J18: =I18 / J9 -> 0.0015516421 | K18: =TRUNC(M18,2) -> 699.21 | M18: 699.2194
A19: 2.3 | B19: 104796 | C19: SINAPI | D19: DEMOLIÇÃO DE GUIAS, SARJETAS OU SARJETÕES, DE FORMA MECANIZADA, SEM REAPROVEITAMENTO. AF_09/2023 | E19: M | F19: =ROUND(M19,2) -> 401.89 | G19: 12.21 | H19: =ROUND(ROUND(G19 * $J$10, 2) + G19, 2) -> 15.73 | I19: =ROUND(F19 * H19,2) -> 6321.73 | J19: =I19 / J9 -> 0.00052659829 | K19: =TRUNC(M19,2) -> 401.89 | M19: 401.89
A20: 2.4 | B20: 104800 | C20: SINAPI | D20: REMOÇÃO DE CERCAS E MOURÕES, DE FORMA MANUAL, SEM REAPROVEITAMENTO. AF_09/2023 | E20: M | F20: =ROUND(M20,2) -> 102.15 | G20: 8.45 | H20: =ROUND(ROUND(G20 * $J$10, 2) + G20, 2) -> 10.89 | I20: =ROUND(F20 * H20,2) -> 1112.41 | J20: =I20 / J9 -> 9.2663433e-05 | K20: =TRUNC(M20,2) -> 102.15 | M20: 102.15
A21: 2.5 | B21: 100998 | C21: SINAPI | D21: CARGA, MANOBRA E DESCARGA DE ENTULHO EM CAMINHÃO BASCULANTE 10 M³ - CARGA COM ESCAVADEIRA HIDRÁULICA (CAÇAMBA DE 0,80 M³ / 111 HP) E DESCARGA LIVRE (UNIDADE: T). AF_07/2020 | E21: T | F21: =ROUND(M21,2) -> 263.35 | G21: 5.85 | H21: =ROUND(ROUND(G21 * $J$10, 2) + G21, 2) -> 7.54 | I21: =ROUND(F21 * H21,2) -> 1985.66 | J21: =I21 / J9 -> 0.00016540491 | K21: =TRUNC(M21,2) -> 263.34 | M21: 263.34862
A22: 2.6 | B22: 97912 | C22: SINAPI | D22: TRANSPORTE COM CAMINHÃO BASCULANTE DE 6 M³, EM VIA URBANA EM LEITO NATURAL (UNIDADE: M3XKM). AF_07/2020 | E22: M3XKM | F22: =ROUND(M22,2) -> 3313.96 | G22: 3.66 | H22: =ROUND(ROUND(G22 * $J$10, 2) + G22, 2) -> 4.71 | I22: =ROUND(F22 * H22,2) -> 15608.75 | J22: =I22 / J9 -> 0.0013002044 | K22: =TRUNC(M22,2) -> 3313.95 | M22: 3313.9587
A23: 2.7 | B23: SEINFRA RL 208 | C23: Próprio | D23: DESMONTAGEM DE ESTRUTURA METÁLICA COM RETIRADA DE SOLDA E CORTE DE PEÇAS POR MEIO DE LIXADEIRA | E23: m² | F23: =ROUND(M23,2) -> 121.6 | G23: 24.42 | H23: =ROUND(ROUND(G23 * $J$10, 2) + G23, 2) -> 31.46 | I23: =ROUND(F23 * H23,2) -> 3825.54 | J23: =I23 / J9 -> 0.00031866638 | K23: =TRUNC(M23,2) -> 121.6 | M23: 121.6
A24: 2.8 | B24: SEINFRA RL 746 | C24: Próprio | D24: Remoção de poste de concreto armado seção circular ou duplo T | E24: un | F24: =ROUND(M24,2) -> 16 | G24: 528.54 | H24: =ROUND(ROUND(G24 * $J$10, 2) + G24, 2) -> 680.87 | I24: =ROUND(F24 * H24,2) -> 10893.92 | J24: =I24 / J9 -> 0.0009074604 | K24: =TRUNC(M24,2) -> 16 | M24: 16
A25: 3 | D25: MOVIMENTO DE TERRA PARA FUNDAÇÕES | F25: 1 | H25: =I26 + I27 + I28 + I29 -> 21254.18 | I25: =ROUND(F25 * H25,2) -> 21254.18 | J25: =I25 / J9 -> 0.0017704671 | K25: =TRUNC(M25,2) -> 1 | M25: 1
A26: 3.1 | B26: 100576 | C26: SINAPI | D26: REGULARIZAÇÃO E COMPACTAÇÃO DE SUBLEITO DE SOLO PREDOMINANTEMENTE ARGILOSO, PARA OBRAS DE CONSTRUÇÃO DE PAVIMENTOS. AF_09/2024 | E26: m² | F26: =ROUND(M26,2) -> 3151.14 | G26: 2.67 | H26: =ROUND(ROUND(G26 * $J$10, 2) + G26, 2) -> 3.44 | I26: =ROUND(F26 * H26,2) -> 10839.92 | J26: =I26 / J9 -> 0.00090296221 | K26: =TRUNC(M26,2) -> 3151.14 | M26: 3151.14
A27: 3.2 | B27: 96527 | C27: SINAPI | D27: ESCAVAÇÃO MANUAL PARA VIGA BALDRAME OU SAPATA CORRIDA (INCLUINDO ESCAVAÇÃO PARA COLOCAÇÃO DE FÔRMAS). AF_01/2024 | E27: m³ | F27: 36.5 | G27: 93.81 | H27: =ROUND(ROUND(G27 * $J$10, 2) + G27, 2) -> 120.85 | I27: =ROUND(F27 * H27,2) -> 4411.03 | J27: =I27 / J9 -> 0.00036743753 | K27: =TRUNC(M27,2) -> 36.5 | M27: 36.50725
A28: 3.3 | B28: 94342 | C28: SINAPI | D28: ATERRO MANUAL DE VALAS COM AREIA PARA ATERRO. AF_08/2023 | E28: m³ | F28: =ROUND(M28,2) -> 20.64 | G28: 92.46 | H28: =ROUND(ROUND(G28 * $J$10, 2) + G28, 2) -> 119.11 | I28: =ROUND(F28 * H28,2) -> 2458.43 | J28: =I28 / J9 -> 0.00020478651 | K28: =TRUNC(M28,2) -> 20.64 | M28: 20.641575
A29: 3.4 | B29: 96523 | C29: SINAPI | D29: ESCAVAÇÃO MANUAL PARA BLOCO DE COROAMENTO OU SAPATA (INCLUINDO ESCAVAÇÃO PARA COLOCAÇÃO DE FÔRMAS). AF_01/2024 | E29: m³ | F29: 32.29 | G29: 85.22 | H29: =ROUND(ROUND(G29 * $J$10, 2) + G29, 2) -> 109.78 | I29: =ROUND(F29 * H29,2) -> 3544.8 | J29: =I29 / J9 -> 0.00029528082 | K29: =TRUNC(M29,2) -> 32.29 | M29: 32.298
A30: 4 | D30: FUNDAÇÕES | F30: 1 | H30: =I31 -> 30547.91 | I30: =TRUNC(F30 * H30,2) -> 30547.91 | J30: =I30 / J9 -> 0.0025446321 | K30: =TRUNC(M30,2) -> 1 | M30: 1
A31: 4.1 | D31: CONCRETO ARMADO PARA FUNDAÇÕES | F31: 1 | H31: =I32 + I33 + I34 + I35 + I36 -> 30547.91 | I31: =TRUNC(F31 * H31,2) -> 30547.91 | J31: =I31 / J9 -> 0.0025446321 | K31: =TRUNC(M31,2) -> 1 | M31: 1
A32: 4.1.1 | B32: 96540 | C32: SINAPI | D32: FABRICAÇÃO, MONTAGEM E DESMONTAGEM DE FÔRMA PARA BLOCO DE COROAMENTO, EM CHAPA DE MADEIRA COMPENSADA RESINADA, E=17 MM, 4 UTILIZAÇÕES. AF_01/2024 | E32: m² | F32: 39.32 | G32: 133.6 | H32: =ROUND(ROUND(G32 * $J$10, 2) + G32, 2) -> 172.1 | I32: =ROUND(F32 * H32,2) -> 6766.97 | J32: =I32 / J9 -> 0.00056368665 | K32: =TRUNC(M32,2) -> 39.32 | M32: 39.325
A33: 4.1.2 | B33: 104923 | C33: SINAPI | D33: CONCRETAGEM DE SAPATA CORRIDA, FCK 30 MPA, COM USO DE JERICA - LANÇAMENTO, ADENSAMENTO E ACABAMENTO. AF_01/2024 | E33: m³ | F33: =ROUND(M33,2) -> 8 | G33: 760.3 | H33: =ROUND(ROUND(G33 * $J$10, 2) + G33, 2) -> 979.42 | I33: =ROUND(F33 * H33,2) -> 7835.36 | J33: =I33 / J9 -> 0.00065268323 | K33: =TRUNC(M33,2) -> 8 | M33: 8
A34: 4.1.3 | B34: 104916 | C34: SINAPI | D34: ARMAÇÃO DE SAPATA ISOLADA, VIGA BALDRAME E SAPATA CORRIDA UTILIZANDO AÇO CA-60 DE 5 MM - MONTAGEM. AF_01/2024 | E34: KG | F34: =ROUND(M34,2) -> 61.35 | G34: 17.64 | H34: =ROUND(ROUND(G34 * $J$10, 2) + G34, 2) -> 22.72 | I34: =ROUND(F34 * H34,2) -> 1393.87 | J34: =I34 / J9 -> 0.00011610897 | K34: =TRUNC(M34,2) -> 61.35 | M34: 61.35
A35: 4.1.4 | B35: 104919 | C35: SINAPI | D35: ARMAÇÃO DE SAPATA ISOLADA, VIGA BALDRAME E SAPATA CORRIDA UTILIZANDO AÇO CA-50 DE 10 MM - MONTAGEM. AF_01/2024 | E35: KG | F35: =ROUND(M35,2) -> 340.36 | G35: 14.4 | H35: =ROUND(ROUND(G35 * $J$10, 2) + G35, 2) -> 18.55 | I35: =ROUND(F35 * H35,2) -> 6313.68 | J35: =I35 / J9 -> 0.00052592773 | K35: =TRUNC(M35,2) -> 340.36 | M35: 340.36
A36: 4.1.5 | B36: SEINFRA RL 668 | C36: Próprio | D36: MURO DE CONTENÇAO EM PEDRA RACHÃO | E36: m³ | F36: =ROUND(M36,2) -> 17.4 | G36: 367.53 | H36: =ROUND(ROUND(G36 * $J$10, 2) + G36, 2) -> 473.45 | I36: =ROUND(F36 * H36,2) -> 8238.03 | J36: =I36 / J9 -> 0.00068622553 | K36: =TRUNC(M36,2) -> 17.4 | M36: 17.4
A37: 5 | D37: SUPERESTRUTURA | F37: 1 | H37: =ROUND(I38 + I45 + I52 + I54 + I56 + I64,2) -> 625866.38 | I37: =ROUND(F37 * H37,2) -> 625866.38 | J37: =I37 / J9 -> 0.052134489 | K37: =TRUNC(M37,2) -> 1 | M37: 1
A38: 5.1 | D38: CONCRETO ARMADO - PILARES | F38: 1 | H38: =ROUND(I39 + I40 + I41 + I42 + I43 + I44,2) -> 49736.11 | I38: =ROUND(F38 * H38,2) -> 49736.11 | J38: =I38 / J9 -> 0.0041430036 | K38: =TRUNC(M38,2) -> 1 | M38: 1
A39: 5.1.1 | B39: 92417 | C39: SINAPI | D39: MONTAGEM E DESMONTAGEM DE FÔRMA DE PILARES RETANGULARES E ESTRUTURAS SIMILARES, PÉ-DIREITO DUPLO, EM CHAPA DE MADEIRA COMPENSADA RESINADA, 2 UTILIZAÇÕES. AF_09/2020 | E39: m² | F39: 11.36 | G39: 187.95 | H39: =ROUND(ROUND(G39 * $J$10, 2) + G39, 2) -> 242.12 | I39: =ROUND(F39 * H39,2) -> 2750.48 | J39: =I39 / J9 -> 0.00022911419 | K39: =TRUNC(M39,2) -> 11.36 | M39: 11.365
A40: 5.1.2 | B40: 92759 | C40: SINAPI | D40: ARMAÇÃO DE PILAR OU VIGA DE ESTRUTURA CONVENCIONAL DE CONCRETO ARMADO UTILIZANDO AÇO CA-60 DE 5,0 MM - MONTAGEM. AF_06/2022 | E40: KG | F40: =ROUND(M40,2) -> 175.76 | G40: 15.33 | H40: =ROUND(ROUND(G40 * $J$10, 2) + G40, 2) -> 19.75 | I40: =ROUND(F40 * H40,2) -> 3471.26 | J40: =I40 / J9 -> 0.00028915496 | K40: =TRUNC(M40,2) -> 175.76 | M40: 175.76
A41: 5.1.3 | B41: 92762 | C41: SINAPI | D41: ARMAÇÃO DE PILAR OU VIGA DE ESTRUTURA CONVENCIONAL DE CONCRETO ARMADO UTILIZANDO AÇO CA-50 DE 10,0 MM - MONTAGEM. AF_06/2022 | E41: KG | F41: =ROUND(M41,2) -> 739.72 | G41: 12.9 | H41: =ROUND(ROUND(G41 * $J$10, 2) + G41, 2) -> 16.62 | I41: =ROUND(F41 * H41,2) -> 12294.15 | J41: =I41 / J9 -> 0.0010240992 | K41: =TRUNC(M41,2) -> 739.72 | M41: 739.72
A42: 5.1.4 | B42: 92763 | C42: SINAPI | D42: ARMAÇÃO DE PILAR OU VIGA DE ESTRUTURA CONVENCIONAL DE CONCRETO ARMADO UTILIZANDO AÇO CA-50 DE 12,5 MM - MONTAGEM. AF_06/2022 | E42: KG | F42: =ROUND(M42,2) -> 50 | G42: 10.94 | H42: =ROUND(ROUND(G42 * $J$10, 2) + G42, 2) -> 14.09 | I42: =ROUND(F42 * H42,2) -> 704.5 | J42: =I42 / J9 -> 5.8684647e-05 | K42: =TRUNC(M42,2) -> 50 | M42: 50
A43: 5.1.5 | B43: 104923 | C43: SINAPI | D43: CONCRETAGEM DE SAPATA CORRIDA, FCK 30 MPA, COM USO DE JERICA - LANÇAMENTO, ADENSAMENTO E ACABAMENTO. AF_01/2024 | E43: m³ | F43: =ROUND(M43,2) -> 2.54 | G43: 760.3 | H43: =ROUND(ROUND(G43 * $J$10, 2) + G43, 2) -> 979.42 | I43: =ROUND(F43 * H43,2) -> 2487.73 | J43: =I43 / J9 -> 0.00020722719 | K43: =TRUNC(M43,2) -> 2.54 | M43: 2.54
A44: 5.1.6 | B44: 105403 | C44: SINAPI | D44: FABRICAÇÃO DE FÔRMA PARA PILARES CIRCULARES, EM CHAPA DE MADEIRA COMPENSADA RESINADA, PÉ-DIREITO DUPLO. AF_05/2024 | E44: m² | F44: =ROUND(M44,2) -> 90.48 | G44: 240.47 | H44: =ROUND(ROUND(G44 * $J$10, 2) + G44, 2) -> 309.77 | I44: =ROUND(F44 * H44,2) -> 28027.99 | J44: =I44 / J9 -> 0.0023347235 | K44: =TRUNC(M44,2) -> 90.48 | M44: 90.48
A45: 5.2 | D45: CONCRETO ARMADO - VIGAS | F45: 1 | H45: =I46 + I47 + I48 + I49 + I50 + I51 -> 20792.94 | I45: =TRUNC(F45 * H45,2) -> 20792.94 | J45: =I45 / J9 -> 0.0017320459 | K45: =TRUNC(M45,2) -> 1 | M45: 1
A46: 5.2.1 | B46: 92456 | C46: SINAPI | D46: MONTAGEM E DESMONTAGEM DE FÔRMA DE VIGA, ESCORAMENTO METÁLICO, PÉ-DIREITO SIMPLES, EM CHAPA DE MADEIRA RESINADA, 4 UTILIZAÇÕES. AF_09/2020 | E46: m² | F46: =TRUNC(M46,2) -> 16.44 | G46: 191.2 | H46: =ROUND(ROUND(G46 * $J$10, 2) + G46, 2) -> 246.3 | I46: =ROUND(F46 * H46,2) -> 4049.17 | J46: =I46 / J9 -> 0.0003372947 | K46: =TRUNC(M46,2) -> 16.44 | M46: 16.44
A47: 5.2.2 | B47: 92759 | C47: SINAPI | D47: ARMAÇÃO DE PILAR OU VIGA DE ESTRUTURA CONVENCIONAL DE CONCRETO ARMADO UTILIZANDO AÇO CA-60 DE 5,0 MM - MONTAGEM. AF_06/2022 | E47: KG | F47: =TRUNC(M47,2) -> 171.2 | G47: 15.33 | H47: =ROUND(ROUND(G47 * $J$10, 2) + G47, 2) -> 19.75 | I47: =ROUND(F47 * H47,2) -> 3381.2 | J47: =I47 / J9 -> 0.00028165299 | K47: =TRUNC(M47,2) -> 171.2 | M47: 171.2
A48: 5.2.3 | B48: 92765 | C48: SINAPI | D48: ARMAÇÃO DE PILAR OU VIGA DE ESTRUTURA CONVENCIONAL DE CONCRETO ARMADO UTILIZANDO AÇO CA-50 DE 20,0 MM - MONTAGEM. AF_06/2022 | E48: KG | F48: =TRUNC(M48,2) -> 6.9 | G48: 12.23 | H48: =ROUND(ROUND(G48 * $J$10, 2) + G48, 2) -> 15.75 | I48: =ROUND(F48 * H48,2) -> 108.68 | J48: =I48 / J9 -> 9.0530127e-06 | K48: =TRUNC(M48,2) -> 6.9 | M48: 6.9
A49: 5.2.4 | B49: 92762 | C49: SINAPI | D49: ARMAÇÃO DE PILAR OU VIGA DE ESTRUTURA CONVENCIONAL DE CONCRETO ARMADO UTILIZANDO AÇO CA-50 DE 10,0 MM - MONTAGEM. AF_06/2022 | E49: KG | F49: =TRUNC(M49,2) -> 448.7 | G49: 12.9 | H49: =ROUND(ROUND(G49 * $J$10, 2) + G49, 2) -> 16.62 | I49: =ROUND(F49 * H49,2) -> 7457.39 | J49: =I49 / J9 -> 0.00062119844 | K49: =TRUNC(M49,2) -> 448.7 | M49: 448.7
A50: 5.2.5 | B50: 92763 | C50: SINAPI | D50: ARMAÇÃO DE PILAR OU VIGA DE ESTRUTURA CONVENCIONAL DE CONCRETO ARMADO UTILIZANDO AÇO CA-50 DE 12,5 MM - MONTAGEM. AF_06/2022 | E50: KG | F50: =TRUNC(M50,2) -> 37.8 | G50: 10.94 | H50: =ROUND(ROUND(G50 * $J$10, 2) + G50, 2) -> 14.09 | I50: =ROUND(F50 * H50,2) -> 532.6 | J50: =I50 / J9 -> 4.4365427e-05 | K50: =TRUNC(M50,2) -> 37.8 | M50: 37.8
A51: 5.2.6 | B51: 103675 | C51: SINAPI | D51: CONCRETAGEM DE VIGAS E LAJES, FCK=25 MPA, PARA LAJES MACIÇAS OU NERVURADAS COM USO DE BOMBA - LANÇAMENTO, ADENSAMENTO E ACABAMENTO. AF_02/2022_PS | E51: m³ | F51: =TRUNC(M51,2) -> 6.06 | G51: 674.3 | H51: =ROUND(ROUND(G51 * $J$10, 2) + G51, 2) -> 868.63 | I51: =ROUND(F51 * H51,2) -> 5263.9 | J51: =I51 / J9 -> 0.00043848135 | K51: =TRUNC(M51,2) -> 6.06 | M51: 6.06
A52: 5.3 | D52: CONCRETO ARMADO PARA VERGAS | F52: 1 | H52: =I53 -> 960.26 | I52: =TRUNC(F52 * H52,2) -> 960.26 | J52: =I52 / J9 -> 7.9989381e-05 | K52: =TRUNC(M52,2) -> 1 | M52: 1
A53: 5.3.1 | B53: 105026 | C53: SINAPI | D53: VERGA MOLDADA IN LOCO COM UTILIZAÇÃO DE BLOCOS CANALETA, ESPESSURA DE *10* CM. AF_03/2024 | E53: M | F53: =TRUNC(M53,2) -> 18.52 | G53: 40.25 | H53: =ROUND(ROUND(G53 * $J$10, 2) + G53, 2) -> 51.85 | I53: =ROUND(F53 * H53,2) -> 960.26 | J53: =I53 / J9 -> 7.9989381e-05 | K53: =TRUNC(M53,2) -> 18.52 | M53: 18.52
A54: 5.4 | D54: CONCRETO ARMADO PARA CONTRA VERGAS | F54: 1 | H54: =I55 -> 762.2 | I54: =TRUNC(F54 * H54,2) -> 762.2 | J54: =I54 / J9 -> 6.3491041e-05 | K54: =TRUNC(M54,2) -> 1 | M54: 1
A55: 5.4.1 | B55: 105026 | C55: SINAPI | D55: VERGA MOLDADA IN LOCO COM UTILIZAÇÃO DE BLOCOS CANALETA, ESPESSURA DE *10* CM. AF_03/2024 | E55: M | F55: =TRUNC(M55,2) -> 14.7 | G55: 40.25 | H55: =ROUND(ROUND(G55 * $J$10, 2) + G55, 2) -> 51.85 | I55: =ROUND(F55 * H55,2) -> 762.2 | J55: =I55 / J9 -> 6.3491041e-05 | K55: =TRUNC(M55,2) -> 14.7 | M55: 14.7
A56: 5.5 | D56: CONCRETO ARMADO - LAJE TRELIÇADA E MACIÇA | F56: 1 | H56: =I57 + I58 + I59 + I60 + I61 + I62 + I63 -> 28390.36 | I56: =TRUNC(F56 * H56,2) -> 28390.36 | J56: =I56 / J9 -> 0.0023649088 | K56: =TRUNC(M56,2) -> 1 | M56: 1
A57: 5.5.1 | B57: 101963 | C57: SINAPI | D57: LAJE PRÉ-MOLDADA UNIDIRECIONAL, BIAPOIADA, PARA PISO, ENCHIMENTO EM CERÂMICA, VIGOTA CONVENCIONAL, ALTURA TOTAL DA LAJE "LT" = 12 CM (ENCHIMENTO+CAPA) = (8+4). AF_08/2025 | E57: m² | F57: =TRUNC(M57,2) -> 60.46 | G57: 221.21 | H57: =ROUND(ROUND(G57 * $J$10, 2) + G57, 2) -> 284.96 | I57: =ROUND(F57 * H57,2) -> 17228.68 | J57: =I57 / J9 -> 0.0014351441 | K57: =TRUNC(M57,2) -> 60.46 | M57: 60.465
A58: 5.5.2 | B58: 92768 | C58: SINAPI | D58: ARMAÇÃO DE LAJE DE ESTRUTURA CONVENCIONAL DE CONCRETO ARMADO UTILIZANDO AÇO CA-60 DE 5,0 MM - MONTAGEM. AF_06/2022 | E58: KG | F58: =TRUNC(M58,2) -> 31.1 | G58: 14.88 | H58: =ROUND(ROUND(G58 * $J$10, 2) + G58, 2) -> 19.17 | I58: =ROUND(F58 * H58,2) -> 596.19 | J58: =I58 / J9 -> 4.9662455e-05 | K58: =TRUNC(M58,2) -> 31.1 | M58: 31.1
A59: 5.5.3 | B59: 92769 | C59: SINAPI | D59: ARMAÇÃO DE LAJE DE ESTRUTURA CONVENCIONAL DE CONCRETO ARMADO UTILIZANDO AÇO CA-50 DE 6,3 MM - MONTAGEM. AF_06/2022 | E59: KG | F59: =TRUNC(M59,2) -> 93 | G59: 14.45 | H59: =ROUND(ROUND(G59 * $J$10, 2) + G59, 2) -> 18.61 | I59: =ROUND(F59 * H59,2) -> 1730.73 | J59: =I59 / J9 -> 0.00014416931 | K59: =TRUNC(M59,2) -> 93 | M59: 93
A60: 5.5.4 | B60: 92770 | C60: SINAPI | D60: ARMAÇÃO DE LAJE DE ESTRUTURA CONVENCIONAL DE CONCRETO ARMADO UTILIZANDO AÇO CA-50 DE 8,0 MM - MONTAGEM. AF_06/2022 | E60: KG | F60: =TRUNC(M60,2) -> 26.1 | G60: 13.85 | H60: =ROUND(ROUND(G60 * $J$10, 2) + G60, 2) -> 17.84 | I60: =ROUND(F60 * H60,2) -> 465.62 | J60: =I60 / J9 -> 3.8786012e-05 | K60: =TRUNC(M60,2) -> 26.1 | M60: 26.1
A61: 5.5.5 | B61: 103675 | C61: SINAPI | D61: CONCRETAGEM DE VIGAS E LAJES, FCK=25 MPA, PARA LAJES MACIÇAS OU NERVURADAS COM USO DE BOMBA - LANÇAMENTO, ADENSAMENTO E ACABAMENTO. AF_02/2022_PS | E61: m³ | F61: =TRUNC(M61,2) -> 0.9 | G61: 674.3 | H61: =ROUND(ROUND(G61 * $J$10, 2) + G61, 2) -> 868.63 | I61: =ROUND(F61 * H61,2) -> 781.77 | J61: =I61 / J9 -> 6.5121216e-05 | K61: =TRUNC(M61,2) -> 0.9 | M61: 0.9
A62: 5.5.6 | B62: SEINFRA RL 209 | C62: Próprio | D62: LAJE PRÉ-FABRICADA TRELIÇADA PARA PISO OU COBERTURA, INTEREIXO 38CM, H=16CM, ENCHIMENTO EM EPS H=12CM, INCLUSIVE ESCORAMENTO EM MADEIRA E CAPEAMENTO 4CM | E62: m² | F62: =TRUNC(M62,2) -> 17.49 | G62: 220.62 | H62: =ROUND(ROUND(G62 * $J$10, 2) + G62, 2) -> 284.2 | I62: =ROUND(F62 * H62,2) -> 4970.66 | J62: =I62 / J9 -> 0.00041405455 | K62: =TRUNC(M62,2) -> 17.49 | M62: 17.49
A63: 5.5.7 | B63: 103761 | C63: SINAPI | D63: MONTAGEM E DESMONTAGEM DE FÔRMA DE LAJE MACIÇA, PÉ-DIREITO SIMPLES, EM CHAPA DE MADEIRA COMPENSADA RESINADA E CIMBRAMENTO DE MADEIRA, 4 UTILIZAÇÕES. AF_03/2022 | E63: m² | F63: =TRUNC(M63,2) -> 24.85 | G63: 81.74 | H63: =ROUND(ROUND(G63 * $J$10, 2) + G63, 2) -> 105.3 | I63: =ROUND(F63 * H63,2) -> 2616.71 | J63: =I63 / J9 -> 0.00021797119 | K63: =TRUNC(M63,2) -> 24.85 | M63: 24.85
A64: 5.6 | D64: ESTRUTURA METÁLICA | F64: 1 | H64: =I65 + I66 + I67 + I68 + I69 + I70 + I71 -> 525224.51 | I64: =TRUNC(F64 * H64,2) -> 525224.51 | J64: =I64 / J9 -> 0.04375105 | K64: =TRUNC(M64,2) -> 1 | M64: 1
A65: 5.6.1 | B65: SEINFRA RL 226 | C65: Próprio | D65: FECHAMENTO LATERAL (REVESTIDO) EM ACM COM ESTRUTURA METÁLICA GALVANIZADA | E65: m² | F65: =TRUNC(M65,2) -> 170.32 | G65: 715.31 | H65: =ROUND(ROUND(G65 * $J$10, 2) + G65, 2) -> 921.46 | I65: =ROUND(F65 * H65,2) -> 156943.07 | J65: =I65 / J9 -> 0.013073313 | K65: =TRUNC(M65,2) -> 170.32 | M65: 170.3264
A66: 5.6.2 | B66: 94213 | C66: SINAPI | D66: TELHAMENTO COM TELHA DE AÇO/ALUMÍNIO E = 0,5 MM, COM ATÉ 2 ÁGUAS, INCLUSO IÇAMENTO. AF_07/2019 | E66: m² | F66: =TRUNC(M66,2) -> 792.9 | G66: 65.76 | H66: =ROUND(ROUND(G66 * $J$10, 2) + G66, 2) -> 84.71 | I66: =ROUND(F66 * H66,2) -> 67166.56 | J66: =I66 / J9 -> 0.0055949551 | K66: =TRUNC(M66,2) -> 792.9 | M66: 792.9
A67: 5.6.3 | B67: SEINFRA RL 402 | C67: Próprio | D67: CALHA EM CHAPA DE ALUMÍNIO, DESENVOLVIMENTO 80 CM | E67: M | F67: =TRUNC(M67,2) -> 45 | G67: 139.79 | H67: =ROUND(ROUND(G67 * $J$10, 2) + G67, 2) -> 180.08 | I67: =ROUND(F67 * H67,2) -> 8103.6 | J67: =I67 / J9 -> 0.00067502755 | K67: =TRUNC(M67,2) -> 45 | M67: 45
A68: 5.6.4 | B68: SEINFRA RL 222 | C68: Próprio | D68: ESTRUTURA METÁLICA ESPACIAL COMPOSTA POR TESOURA E APOIADA EM MÃO FRANCESA EM PERFIL TUBULAR. | E68: UND | F68: =TRUNC(M68,2) -> 1 | G68: 132254.77 | H68: =ROUND(ROUND(G68 * $J$10, 2) + G68, 2) -> 170370.59 | I68: =ROUND(F68 * H68,2) -> 170370.59 | J68: =I68 / J9 -> 0.014191821 | K68: =TRUNC(M68,2) -> 1 | M68: 1
A69: 5.6.5 | B69: SEINFRA RL 657 | C69: Próprio | D69: PERGOLADO EM PERFIL "U" ENRIJECIDO, EM CHAPA DOBRADA DE ACO LAMINADO, E = 3,75 MM, H = 200 MM, L = 75 MM (9,94 KG/M) PILARES EM FORMARO QUADRADO, ENGASTADO EM BROCO DE CONCRETO. CONFORME PROJETO | E69: UN | F69: =TRUNC(M69,2) -> 5 | G69: 7726.99 | H69: =ROUND(ROUND(G69 * $J$10, 2) + G69, 2) -> 9953.91 | I69: =ROUND(F69 * H69,2) -> 49769.55 | J69: =I69 / J9 -> 0.0041457892 | K69: =TRUNC(M69,2) -> 5 | M69: 5
A70: 5.6.6 | B70: SEINFRA RL 664 | C70: Próprio | D70: Brise em madeira, com réguas cantos abaulados, protegidas duas demãos de verniz marítimo, em todas as faces. fornecimento e instalação conforme projeto. | E70: m² | F70: =TRUNC(M70,2) -> 117.16 | G70: 144.45 | H70: =ROUND(ROUND(G70 * $J$10, 2) + G70, 2) -> 186.08 | I70: =ROUND(F70 * H70,2) -> 21801.13 | J70: =I70 / J9 -> 0.0018160279 | K70: =TRUNC(M70,2) -> 117.16 | M70: 117.162
A71: 5.6.7 | B71: 92581 | C71: SINAPI | D71: TRAMA DE AÇO COMPOSTA POR TERÇAS PARA TELHADOS DE ATÉ 2 ÁGUAS PARA TELHA ESTRUTURAL DE FIBROCIMENTO, INCLUSO TRANSPORTE VERTICAL. AF_07/2019 | E71: m² | F71: =ROUND(M71,2) -> 834.75 | G71: 47.49 | H71: =ROUND(ROUND(G71 * $J$10, 2) + G71, 2) -> 61.18 | I71: =ROUND(F71 * H71,2) -> 51070.01 | J71: =I71 / J9 -> 0.0042541171 | K71: =TRUNC(M71,2) -> 834.75 | M71: 834.75
A72: 6 | D72: SISTEMA DE VEDAÇÃO VERTICAL | F72: 1 | H72: =ROUND(I73 + I76,2) -> 82317.91 | I72: =ROUND(F72 * H72,2) -> 82317.91 | J72: =I72 / J9 -> 0.0068570582 | K72: =TRUNC(M72,2) -> 1 | M72: 1
A73: 6.1 | D73: ALVENARIA DE VEDAÇÃO | F73: 1 | H73: =ROUND(I74 + I75,2) -> 49791.83 | I73: =ROUND(F73 * H73,2) -> 49791.83 | J73: =I73 / J9 -> 0.0041476451 | K73: =TRUNC(M73,2) -> 1 | M73: 1
A74: 6.1.1 | B74: 103328 | C74: SINAPI | D74: ALVENARIA DE VEDAÇÃO DE BLOCOS CERÂMICOS FURADOS NA HORIZONTAL DE 9X19X19 CM (ESPESSURA 9 CM) E ARGAMASSA DE ASSENTAMENTO COM PREPARO EM BETONEIRA. AF_12/2021 | E74: m² | F74: 432.8 | G74: 88.29 | H74: =ROUND(ROUND(G74 * $J$10, 2) + G74, 2) -> 113.74 | I74: =ROUND(F74 * H74,2) -> 49226.67 | J74: =I74 / J9 -> 0.0041005674 | K74: =TRUNC(M74,2) -> 432.8 | M74: 432.809
A75: 6.1.2 | B75: 93200 | C75: SINAPI | D75: FIXAÇÃO (ENCUNHAMENTO) DE ALVENARIA DE VEDAÇÃO COM ARGAMASSA APLICADA COM BISNAGA. AF_03/2024 | E75: M | F75: =ROUND(M75,2) -> 42.75 | G75: 10.26 | H75: =ROUND(ROUND(G75 * $J$10, 2) + G75, 2) -> 13.22 | I75: =ROUND(F75 * H75,2) -> 565.16 | J75: =I75 / J9 -> 4.7077665e-05 | K75: =TRUNC(M75,2) -> 42.75 | M75: 42.75
A76: 6.2 | D76: DIVISÓRIAS | F76: 1 | H76: =I77 -> 32526.08 | I76: =ROUND(F76 * H76,2) -> 32526.08 | J76: =I76 / J9 -> 0.0027094131 | K76: =TRUNC(M76,2) -> 1 | M76: 1
A77: 6.2.1 | B77: 102253 | C77: SINAPI | D77: DIVISORIA SANITÁRIA, TIPO CABINE, EM GRANITO CINZA POLIDO, ESP = 3CM, ASSENTADO COM ARGAMASSA COLANTE AC III-E, EXCLUSIVE FERRAGENS. AF_01/2021 | E77: m² | F77: =ROUND(M77,2) -> 28.46 | G77: 887.18 | H77: =ROUND(ROUND(G77 * $J$10, 2) + G77, 2) -> 1142.87 | I77: =ROUND(F77 * H77,2) -> 32526.08 | J77: =I77 / J9 -> 0.0027094131 | K77: =TRUNC(M77,2) -> 28.46 | M77: 28.464
A78: 7 | D78: SISTEMA DE PISO E PAVIMENTAÇÃO | F78: 1 | H78: =ROUND(I79 + I80 + I81 + I82 + I83 + I84 + I85 + I86 + I87,2) -> 386611.86 | I78: =ROUND(F78 * H78,2) -> 386611.86 | J78: =I78 / J9 -> 0.032204657 | K78: =TRUNC(M78,2) -> 1 | M78: 1
A79: 7.1 | B79: 94992 | C79: SINAPI | D79: EXECUÇÃO DE PASSEIO (CALÇADA) OU PISO DE CONCRETO COM CONCRETO MOLDADO IN LOCO, FEITO EM OBRA, ACABAMENTO CONVENCIONAL, ESPESSURA 6 CM, ARMADO. AF_08/2022 | E79: m² | F79: 402.71 | G79: 79.08 | H79: =ROUND(ROUND(G79 * $J$10, 2) + G79, 2) -> 101.87 | I79: =ROUND(F79 * H79,2) -> 41024.07 | J79: =I79 / J9 -> 0.0034172932 | K79: =TRUNC(M79,2) -> 402.71 | M79: 402.7179
A80: 7.2 | B80: 92397 | C80: SINAPI | D80: EXECUÇÃO DE PAVIMENTO EM PISO INTERTRAVADO, COM BLOCO RETANGULAR COR NATURAL DE 20 X 10 CM, ESPESSURA 6 CM. AF_10/2022 | E80: m² | F80: 2319.63 | G80: 72.79 | H80: =ROUND(ROUND(G80 * $J$10, 2) + G80, 2) -> 93.77 | I80: =ROUND(F80 * H80,2) -> 217511.71 | J80: =I80 / J9 -> 0.018118663 | K80: =TRUNC(M80,2) -> 2319.63 | M80: 2319.638
A81: 7.3 | B81: 94275 | C81: SINAPI | D81: ASSENTAMENTO DE GUIA (MEIO-FIO) EM TRECHO RETO, CONFECCIONADA EM CONCRETO PRÉ-FABRICADO, DIMENSÕES 100X15X13X20 CM (COMPRIMENTO X BASE INFERIOR X BASE SUPERIOR X ALTURA). AF_01/2024 | E81: M | F81: =ROUND(M81,2) -> 744.03 | G81: 49.14 | H81: =ROUND(ROUND(G81 * $J$10, 2) + G81, 2) -> 63.3 | I81: =ROUND(F81 * H81,2) -> 47097.1 | J81: =I81 / J9 -> 0.0039231749 | K81: =TRUNC(M81,2) -> 744.03 | M81: 744.03
A82: 7.4 | B82: 104658 | C82: SINAPI | D82: PISO PODOTÁTIL DE ALERTA OU DIRECIONAL, DE CONCRETO, ASSENTADO SOBRE ARGAMASSA. AF_03/2024 | E82: m² | F82: 14.62 | G82: 150.55 | H82: =ROUND(ROUND(G82 * $J$10, 2) + G82, 2) -> 193.94 | I82: =ROUND(F82 * H82,2) -> 2835.4 | J82: =I82 / J9 -> 0.000236188 | K82: =TRUNC(M82,2) -> 14.62 | M82: 14.6275
A83: 7.5 | B83: 103946 | C83: SINAPI | D83: PLANTIO DE GRAMA ESMERALDA OU SÃO CARLOS OU CURITIBANA, EM PLACAS. AF_07/2024 | E83: m² | F83: =ROUND(M83,2) -> 484.33 | G83: 20.29 | H83: =ROUND(ROUND(G83 * $J$10, 2) + G83, 2) -> 26.14 | I83: =ROUND(F83 * H83,2) -> 12660.39 | J83: =I83 / J9 -> 0.0010546068 | K83: =TRUNC(M83,2) -> 484.33 | M83: 484.33
A84: 7.6 | B84: 102494 | C84: SINAPI | D84: PINTURA DE PISO COM TINTA EPÓXI, APLICAÇÃO MANUAL, 2 DEMÃOS, INCLUSO PRIMER EPÓXI. AF_05/2021 | E84: m² | F84: =ROUND(M84,2) -> 354.51 | G84: 65.67 | H84: =ROUND(ROUND(G84 * $J$10, 2) + G84, 2) -> 84.6 | I84: =ROUND(F84 * H84,2) -> 29991.55 | J84: =I84 / J9 -> 0.0024982875 | K84: =TRUNC(M84,2) -> 354.51 | M84: 354.51
A85: 7.7 | B85: 98679 | C85: SINAPI | D85: PISO CIMENTADO, TRAÇO 1:3 (CIMENTO E AREIA), ACABAMENTO LISO, ESPESSURA 2,0 CM, PREPARO MECÂNICO DA ARGAMASSA. AF_09/2020 | E85: m² | F85: =ROUND(M85,2) -> 149 | G85: 35.73 | H85: =ROUND(ROUND(G85 * $J$10, 2) + G85, 2) -> 46.03 | I85: =ROUND(F85 * H85,2) -> 6858.47 | J85: =I85 / J9 -> 0.00057130858 | K85: =TRUNC(M85,2) -> 149 | M85: 149
A86: 7.8 | B86: SEINFRA RL 748 | C86: Próprio | D86: Colchão de areia para implantação de grama | E86: m³ | F86: =ROUND(M86,2) -> 48.43 | G86: 142.28 | H86: =ROUND(ROUND(G86 * $J$10, 2) + G86, 2) -> 183.29 | I86: =ROUND(F86 * H86,2) -> 8876.73 | J86: =I86 / J9 -> 0.00073942905 | K86: =TRUNC(M86,2) -> 48.43 | M86: 48.433
A87: 7.9 | B87: 97097 | C87: SINAPI | D87: ACABAMENTO POLIDO PARA PISO DE CONCRETO ARMADO OU LAJE SOBRE SOLO DE ALTA RESISTÊNCIA. AF_09/2021 | E87: m² | F87: =ROUND(M87,2) -> 297 | G87: 51.64 | H87: =ROUND(ROUND(G87 * $J$10, 2) + G87, 2) -> 66.52 | I87: =ROUND(F87 * H87,2) -> 19756.44 | J87: =I87 / J9 -> 0.0016457058 | K87: =TRUNC(M87,2) -> 297 | M87: 297
A88: 8 | D88: REVESTIMENTOS INTERNO E EXTERNO | F88: 1 | H88: =ROUND(I89 + I92,2) -> 145257.08 | I88: =ROUND(F88 * H88,2) -> 145257.08 | J88: =I88 / J9 -> 0.012099873 | K88: =TRUNC(M88,2) -> 1 | M88: 1
A89: 8.1 | D89: ACABAMENTO | F89: 1 | H89: =ROUND(I90 + I91,2) -> 83737.05 | I89: =ROUND(F89 * H89,2) -> 83737.05 | J89: =I89 / J9 -> 0.0069752722 | K89: =TRUNC(M89,2) -> 1 | M89: 1
A90: 8.1.1 | B90: 87777 | C90: SINAPI | D90: EMBOÇO OU MASSA ÚNICA EM ARGAMASSA TRAÇO 1:2:8, PREPARO MANUAL, APLICADA MANUALMENTE EM PANOS DE FACHADA COM PRESENÇA DE VÃOS, ESPESSURA DE 25 MM. AF_08/2022 | E90: m² | F90: 969.74 | G90: 53.84 | H90: =ROUND(ROUND(G90 * $J$10, 2) + G90, 2) -> 69.36 | I90: =ROUND(F90 * H90,2) -> 67261.17 | J90: =I90 / J9 -> 0.0056028361 | K90: =TRUNC(M90,2) -> 969.74 | M90: 969.749
A91: 8.1.2 | B91: 87903 | C91: SINAPI | D91: CHAPISCO APLICADO EM ALVENARIA (COM PRESENÇA DE VÃOS) E ESTRUTURAS DE CONCRETO DE FACHADA, COM ROLO PARA TEXTURA ACRÍLICA. ARGAMASSA INDUSTRIALIZADA COM PREPARO EM MISTURADOR 300 KG. AF_10/2022 | E91: m² | F91: 969.74 | G91: 13.19 | H91: =ROUND(ROUND(G91 * $J$10, 2) + G91, 2) -> 16.99 | I91: =ROUND(F91 * H91,2) -> 16475.88 | J91: =I91 / J9 -> 0.0013724361 | K91: =TRUNC(M91,2) -> 969.74 | M91: 969.749
A92: 8.2 | D92: REVESTIMENTO CERÂMICO | F92: 1 | H92: =ROUND(I93 + I94,2) -> 61520.03 | I92: =ROUND(F92 * H92,2) -> 61520.03 | J92: =I92 / J9 -> 0.0051246008 | K92: =TRUNC(M92,2) -> 1 | M92: 1
A93: 8.2.1 | B93: 87245 | C93: SINAPI | D93: REVESTIMENTO CERÂMICO PARA PAREDES EXTERNAS EM PASTILHAS DE PORCELANA 5 X 5 CM (PLACAS DE 30 X 30 CM), ALINHADAS A PRUMO, APLICADO EM SUPERFÍCIES INTERNAS DE SACADA. AF_02/2023 | E93: m² | F93: 75.98 | G93: 341.69 | H93: =ROUND(ROUND(G93 * $J$10, 2) + G93, 2) -> 440.17 | I93: =ROUND(F93 * H93,2) -> 33444.12 | J93: =I93 / J9 -> 0.0027858856 | K93: =TRUNC(M93,2) -> 75.98 | M93: 75.987
A94: 8.2.2 | B94: 87263 | C94: SINAPI | D94: REVESTIMENTO CERÂMICO PARA PISO COM PLACAS TIPO PORCELANATO DE DIMENSÕES 60X60 CM APLICADA EM AMBIENTES DE ÁREA MAIOR QUE 10 M². AF_02/2023_PE | E94: m² | F94: =ROUND(M94,2) -> 183.06 | G94: 119.06 | H94: =ROUND(ROUND(G94 * $J$10, 2) + G94, 2) -> 153.37 | I94: =ROUND(F94 * H94,2) -> 28075.91 | J94: =I94 / J9 -> 0.0023387152 | K94: =TRUNC(M94,2) -> 183.06 | M94: 183.061
A95: 9 | D95: ESQUADRIAS | F95: 1 | H95: =ROUND(I96 + I100 + I105,2) -> 87314.11 | I95: =ROUND(F95 * H95,2) -> 87314.11 | J95: =I95 / J9 -> 0.0072732402 | K95: =TRUNC(M95,2) -> 1 | M95: 1
A96: 9.1 | D96: PORTA DE MADEIRA | F96: 1 | H96: =ROUND(I97 + I98 + I99,2) -> 5543.46 | I96: =ROUND(F96 * H96,2) -> 5543.46 | J96: =I96 / J9 -> 0.00046176862 | K96: =TRUNC(M96,2) -> 1 | M96: 1
A97: 9.1.1 | B97: SEINFRA RL 572 | C97: Próprio | D97: PORTA DE MADEIRA, MACIÇA NA COR BRACA (PESADA OU SUPERPESADA), 90X210CM, ESPESSURA DE 3,5CM, INCLUSO DOBRADIÇAS, BARRA, CHAPA METALICA E FECHADURA - FORNECIMENTO E INSTALAÇÃO. | E97: UN | F97: =ROUND(M97,2) -> 2 | G97: 1366.37 | H97: =ROUND(ROUND(G97 * $J$10, 2) + G97, 2) -> 1760.16 | I97: =ROUND(F97 * H97,2) -> 3520.32 | J97: =I97 / J9 -> 0.00029324164 | K97: =TRUNC(M97,2) -> 2 | M97: 2
A98: 9.1.2 | B98: SEINFRA RL 575 | C98: Próprio | D98: PORTA DE MADEIRA, MACIÇA NA COR BRACA (PESADA OU SUPERPESADA), 90X210CM, ESPESSURA DE 3,5CM, INCLUSO DOBRADIÇAS, E FECHADURA - FORNECIMENTO E INSTALAÇÃO. | E98: UN | F98: =ROUND(M98,2) -> 1 | G98: 820.11 | H98: =ROUND(ROUND(G98 * $J$10, 2) + G98, 2) -> 1056.47 | I98: =ROUND(F98 * H98,2) -> 1056.47 | J98: =I98 / J9 -> 8.8003647e-05 | K98: =TRUNC(M98,2) -> 1 | M98: 1
A99: 9.1.3 | B99: SEINFRA RL 576 | C99: Próprio | D99: PORTA DE MADEIRA, MACIÇA NA COR BRANCA (PESADA OU SUPERPESADA), 80X210CM, ESPESSURA DE 3,5CM, INCLUSOFECHADURA E DOBRADIÇAS - FORNECIMENTO E INSTALAÇÃO. AF_12/2019 | E99: UN | F99: =ROUND(M99,2) -> 1 | G99: 750.4 | H99: =ROUND(ROUND(G99 * $J$10, 2) + G99, 2) -> 966.67 | I99: =ROUND(F99 * H99,2) -> 966.67 | J99: =I99 / J9 -> 8.0523333e-05 | K99: =TRUNC(M99,2) -> 1 | M99: 1
A100: 9.2 | D100: PORTAS EM ALUMÍNIO E VIDRO | F100: 1 | H100: =ROUND(I101 + I102 + I103 + I104,2) -> 65607.59 | I100: =ROUND(F100 * H100,2) -> 65607.59 | J100: =I100 / J9 -> 0.0054650934 | K100: =TRUNC(M100,2) -> 1 | M100: 1
A101: 9.2.1 | B101: SEINFRA RL 574 | C101: Próprio | D101: PORTA EM ALUMÍNIO DE ABRIR TIPO VENEZIANA NA COR BRANCA COM GUARNIÇÃO, FIXAÇÃO COM PARAFUSOS - FORNECIMENTO E INSTALAÇÃO. AF_12/2019 | E101: m² | F101: =ROUND(M101,2) -> 8.96 | G101: 722.05 | H101: =ROUND(ROUND(G101 * $J$10, 2) + G101, 2) -> 930.14 | I101: =ROUND(F101 * H101,2) -> 8334.05 | J101: =I101 / J9 -> 0.00069422397 | K101: =TRUNC(M101,2) -> 8.96 | M101: 8.96
A102: 9.2.2 | B102: SEINFRA RL 573 | C102: Próprio | D102: PORTA EM ALUMÍNIO DE ABRIR TIPO VENEZIANA COM GUARNIÇÃO, BARRA E FIXAÇÃO COM PARAFUSOS - FORNECIMENTO E INSTALAÇÃO. AF_12/2019 | E102: m² | F102: =ROUND(M102,2) -> 2.88 | G102: 893.86 | H102: =ROUND(ROUND(G102 * $J$10, 2) + G102, 2) -> 1151.47 | I102: =ROUND(F102 * H102,2) -> 3316.23 | J102: =I102 / J9 -> 0.000276241 | K102: =TRUNC(M102,2) -> 2.88 | M102: 2.88
A103: 9.2.3 | B103: SEINFRA RL 221 | C103: Próprio | D103: PAINEL DE VIDRO INCOLOR DE 8MM LAMINADO COM ESTRUTURA EM ALUMINIO BRANCO | E103: m² | F103: =ROUND(M103,2) -> 38.3 | G103: 1014.25 | H103: =ROUND(ROUND(G103 * $J$10, 2) + G103, 2) -> 1306.56 | I103: =ROUND(F103 * H103,2) -> 50041.25 | J103: =I103 / J9 -> 0.0041684217 | K103: =TRUNC(M103,2) -> 38.3 | M103: 38.304
...

Sheet CRONOGRAMA
A1: SECRETARIA DE INFRAESTRUTURA DE RIO LARGO
A4: PREFEITURA MUNICIPAL DE RIO LARGO
A5: Cronograma Físico-financeiro
A6: ='[1]ORÇAMENTO OBSOLETO'!A6 -> BDI SERVIÇO: | B6: 0.2882
A7: ='[1]ORÇAMENTO OBSOLETO'!A8 -> OBJETO: | B7: REVITALIZAÇÃO DA ORLA FLUVIAL DO RIO MUNDAÚ, NO MUNICÍPIO DE RIO LARGO/AL
A10: ITEM | B10: DESCRIÇÃO DOS SERVIÇOS: | C10: VALOR (R$) | D10: % ITEM | E10: 1 | F10: 2 | G10: 3 | H10: 4 | I10: 5 | J10: 6 | K10: 7 | L10: 8 | M10: 9 | N10: 10 | O10: 11 | P10: 12
A12: 1 | B12: =ORÇAMENTO!D12 -> SERVIÇOS PRELIMINARES (ORLA FLUVIAL) | C12: =ORÇAMENTO!I12 -> 24463.02 | D12: =C12/$C$86 -> 0.0020377625 | E12: 1 | Q12: =SUM(E12:P12) -> 1
A14: =A12+1 -> 2 | B14: =ORÇAMENTO!D16 -> DEMOLIÇÃOS E REMOÇÃO | C14: =ORÇAMENTO!I16 -> 72524.15 | D14: =C14/$C$86 -> 0.0060412408 | E14: 1 | Q14: =SUM(E14:P14) -> 1
A16: =A14+1 -> 3 | B16: =ORÇAMENTO!D25 -> MOVIMENTO DE TERRA PARA FUNDAÇÕES | C16: =ORÇAMENTO!I25 -> 21254.18 | D16: =C16/$C$86 -> 0.0017704671 | E16: 0.4 | F16: 0.4 | G16: 0.2 | Q16: =SUM(E16:P16) -> 1
A18: =A16+1 -> 4 | B18: =ORÇAMENTO!D30 -> FUNDAÇÕES | C18: =ORÇAMENTO!I30 -> 30547.91 | D18: =C18/$C$86 -> 0.0025446321 | E18: 0.2 | F18: 0.4 | G18: 0.4 | Q18: =SUM(E18:P18) -> 1
A20: =A18+1 -> 5 | B20: =ORÇAMENTO!D37 -> SUPERESTRUTURA | C20: =ORÇAMENTO!I37 -> 625866.38 | D20: =C20/$C$86 -> 0.052134489 | G20: 0.3 | H20: 0.4 | I20: 0.3 | Q20: =SUM(E20:P20) -> 1
A22: =A20+1 -> 6 | B22: =ORÇAMENTO!D72 -> SISTEMA DE VEDAÇÃO VERTICAL | C22: =ORÇAMENTO!I72 -> 82317.91 | D22: =C22/$C$86 -> 0.0068570582 | I22: 0.4 | J22: 0.4 | K22: 0.2 | Q22: =SUM(E22:P22) -> 1
A24: =A22+1 -> 7 | B24: =ORÇAMENTO!D78 -> SISTEMA DE PISO E PAVIMENTAÇÃO | C24: =ORÇAMENTO!I78 -> 386611.86 | D24: =C24/$C$86 -> 0.032204657 | J24: 0.4 | K24: 0.3 | L24: 0.1 | M24: 0.1 | N24: 0.1 | Q24: =SUM(E24:P24) -> 1
A26: =A24+1 -> 8 | B26: =ORÇAMENTO!D88 -> REVESTIMENTOS INTERNO E EXTERNO | C26: =ORÇAMENTO!I88 -> 145257.08 | D26: =C26/$C$86 -> 0.012099873 | K26: 0.25 | L26: 0.35 | M26: 0.2 | N26: 0.2 | Q26: =SUM(E26:P26) -> 1
A28: =A26+1 -> 9 | B28: =ORÇAMENTO!D95 -> ESQUADRIAS | C28: =ORÇAMENTO!I95 -> 87314.11 | D28: =C28/$C$86 -> 0.0072732402 | N28: 0.5 | O28: 0.5 | Q28: =SUM(E28:P28) -> 1
A30: =A28+1 -> 10 | B30: =ORÇAMENTO!D110 -> IMPERMEABILIZAÇÃO | C30: =ORÇAMENTO!I110 -> 38257.82 | D30: =C30/$C$86 -> 0.0031868654 | O30: 0.3 | P30: 0.7 | Q30: =SUM(E30:P30) -> 1
A32: =A30+1 -> 11 | B32: =ORÇAMENTO!D116 -> PINTURA E ACABAMENTO | C32: =ORÇAMENTO!I116 -> 23479.62 | D32: =C32/$C$86 -> 0.0019558456 | J32: 0.5 | O32: 0.3 | P32: 0.2 | Q32: =SUM(E32:P32) -> 1
A34: =A32+1 -> 12 | B34: =ORÇAMENTO!D128 -> INSTALAÇÃO HIDRÁULICA | C34: =ORÇAMENTO!I128 -> 14688.99 | D34: =C34/$C$86 -> 0.0012235886 | O34: 0.5 | P34: 0.5 | Q34: =SUM(E34:P34) -> 1
A36: =A34+1 -> 13 | B36: =ORÇAMENTO!D168 -> DRENAGEM DE ÁGUAS PLUVIAIS | C36: =ORÇAMENTO!I168 -> 4903.82 | D36: =C36/$C$86 -> 0.00040848679 | M36: 0.5 | P36: 0.5 | Q36: =SUM(E36:P36) -> 1
A38: =A36+1 -> 14 | B38: =ORÇAMENTO!D176 -> INSTALAÇÃO SANITÁRIA | C38: =ORÇAMENTO!I176 -> 52773.45 | D38: =C38/$C$86 -> 0.0043960132 | P38: 1 | Q38: =SUM(E38:P38) -> 1
A40: =A38+1 -> 15 | B40: =ORÇAMENTO!D213 -> LOUÇAS E METAIS | C40: =ORÇAMENTO!I213 -> 48286.7 | D40: =C40/$C$86 -> 0.0040222682 | P40: 1 | Q40: =SUM(E40:P40) -> 1
A42: =A40+1 -> 16 | B42: =ORÇAMENTO!D226 -> INSTALAÇÃO ELÉTRICA E LÓGICA - 220V | C42: =ORÇAMENTO!I226 -> 200628.39 | D42: =C42/$C$86 -> 0.016712287 | O42: 0.7 | P42: 0.3 | Q42: =SUM(E42:P42) -> 1
A44: =A42+1 -> 17 | B44: =ORÇAMENTO!D279 -> SERVIÇOS COMPLEMENTARES | C44: =ORÇAMENTO!I279 -> 373794.28 | D44: =C44/$C$86 -> 0.031136956 | O44: 0.5 | P44: 0.5 | Q44: =SUM(E44:P44) -> 1
A46: =A44+1 -> 18 | B46: =ORÇAMENTO!D288 -> SERVIÇOS PRELIMINARES E INDIRETOS | C46: =ORÇAMENTO!I288 -> 49128.96 | D46: =C46/$C$86 -> 0.0040924282 | E46: 1 | Q46: =SUM(E46:P46) -> 1
A48: =A46+1 -> 19 | B48: =ORÇAMENTO!D291 -> DEMOLIÇÃO E REMOÇÃO | C48: =ORÇAMENTO!I291 -> 191325.28 | D48: =C48/$C$86 -> 0.015937341 | E48: 0.4 | F48: 0.6 | Q48: =SUM(E48:P48) -> 1
A50: =A48+1 -> 20 | B50: =ORÇAMENTO!D310 -> MOVIMENTAÇÃO DE TERA PARA FUNDAÇÕES | C50: =ORÇAMENTO!I310 -> 28709.63 | D50: =C50/$C$86 -> 0.0023915039 | E50: 0.2 | F50: 0.4 | G50: 0.4 | Q50: =SUM(E50:P50) -> 1
A52: =A50+1 -> 21 | B52: =ORÇAMENTO!D313 -> FUNDAÇÃO | C52: =ORÇAMENTO!I313 -> 72779.95 | D52: =C52/$C$86 -> 0.0060625489 | F52: 0.1 | G52: 0.3 | H52: 0.4 | I52: 0.2 | Q52: =SUM(E52:P52) -> 1
A54: =A52+1 -> 22 | B54: =ORÇAMENTO!D321 -> SUPERESTRUTURA | C54: =ORÇAMENTO!I321 -> 1656335.7 | D54: =C54/$C$86 -> 0.13797229 | I54: 0.4 | J54: 0.4 | K54: 0.2 | Q54: =SUM(E54:P54) -> 1
A56: =A54+1 -> 23 | B56: =ORÇAMENTO!D353 -> ALVENARIA, VEDAÇÃO E DIVISÓRIAS | C56: =ORÇAMENTO!I353 -> 125722.48 | D56: =C56/$C$86 -> 0.010472646 | H56: 0.4 | I56: 0.2 | J56: 0.2 | K56: 0.2 | Q56: =SUM(E56:P56) -> 1
A58: =A56+1 -> 24 | B58: =ORÇAMENTO!D360 -> COBERTURA | C58: =ORÇAMENTO!I360 -> 987260.82 | D58: =C58/$C$86 -> 0.082238542 | K58: 0.25 | L58: 0.35 | M58: 0.2 | N58: 0.2 | Q58: =SUM(E58:P58) -> 1
A60: =A58+1 -> 25 | B60: =ORÇAMENTO!D368 -> IMPERMEABILIZAÇÃO | C60: =ORÇAMENTO!I368 -> 114582.18 | D60: =C60/$C$86 -> 0.0095446626 | L60: 0.5 | M60: 0.5 | Q60: =SUM(E60:P60) -> 1
A62: =A60+1 -> 26 | B62: =ORÇAMENTO!D371 -> ESQUADRIAS | C62: =ORÇAMENTO!I371 -> 851572.06 | D62: =C62/$C$86 -> 0.070935707 | M62: 0.1 | N62: 0.1 | O62: 0.4 | P62: 0.4 | Q62: =SUM(E62:P62) -> 1
A64: =A62+1 -> 27 | B64: =ORÇAMENTO!D393 -> REVESTIMENTO DE PAREDE | C64: =ORÇAMENTO!I393 -> 606150.15 | D64: =C64/$C$86 -> 0.050492133 | K64: 0.1 | L64: 0.1 | M64: 0.3 | N64: 0.3 | O64: 0.2 | Q64: =SUM(E64:P64) -> 1
A66: =A64+1 -> 28 | B66: =ORÇAMENTO!D399 -> REVESTIMENTO DE PISO | C66: =ORÇAMENTO!I399 -> 1641807.4 | D66: =C66/$C$86 -> 0.13676208 | M66: 0.2 | N66: 0.3 | O66: 0.5 | Q66: =SUM(E66:P66) -> 1
A68: =A66+1 -> 29 | B68: =ORÇAMENTO!D410 -> REVESTIMENTO DE TETO | C68: =ORÇAMENTO!I410 -> 83402.86 | D68: =C68/$C$86 -> 0.0069474342 | L68: 0.4 | M68: 0.3 | N68: 0.2 | O68: 0.1 | Q68: =SUM(E68:P68) -> 1
A70: =A68+1 -> 30 | B70: =ORÇAMENTO!D413 -> PINTURA | C70: =ORÇAMENTO!I413 -> 162695.7 | D70: =C70/$C$86 -> 0.013552505 | L70: 0.1 | M70: 0.2 | N70: 0.3 | O70: 0.4 | Q70: =SUM(E70:P70) -> 1
A72: =A70+1 -> 31 | B72: =ORÇAMENTO!D426 -> MARMORARIA E BANCADAS | C72: =ORÇAMENTO!I426 -> 13051.19 | D72: =C72/$C$86 -> 0.0010871604 | N72: 0.1 | O72: 0.5 | P72: 0.4 | Q72: =SUM(E72:P72) -> 1
A74: =A72+1 -> 32 | B74: =ORÇAMENTO!D429 -> LOUÇA, METAIS E ACESSÓRIOS | C74: =ORÇAMENTO!I429 -> 108130.55 | D74: =C74/$C$86 -> 0.0090072437 | O74: 0.7 | P74: 0.3 | Q74: =SUM(E74:P74) -> 1
A76: =A74+1 -> 33 | B76: =ORÇAMENTO!D444 -> INSTALAÇÕES HIDROSSANITÁRIAS | C76: =ORÇAMENTO!I444 -> 517257.7 | D76: =C76/$C$86 -> 0.043087417 | M76: 0.5 | P76: 0.5 | Q76: =SUM(E76:P76) -> 1
A78: =A76+1 -> 34 | B78: =ORÇAMENTO!D537 -> INSTALAÇÕES ELÉTRICAS | C78: =ORÇAMENTO!I537 -> 912739.95 | D78: =C78/$C$86 -> 0.076030975 | E78: 0.1 | F78: 0.2 | G78: 0.3 | H78: 0.3 | P78: 0.1 | Q78: =SUM(E78:P78) -> 1
A80: =A78+1 -> 35 | B80: =ORÇAMENTO!D616 -> URBANIZAÇÃO | C80: =ORÇAMENTO!I616 -> 6387.99 | D80: =C80/$C$86 -> 0.00053211773 | P80: 1 | Q80: =SUM(E80:P80) -> 1
A82: =A80+1 -> 36 | B82: =ORÇAMENTO!D619 -> PAISAGISMO | C82: =ORÇAMENTO!I619 -> 9682.29 | D82: =C82/$C$86 -> 0.00080653197 | O82: 0.5 | P82: 0.5 | Q82: =SUM(E82:P82) -> 1
A84: =A82+1 -> 37 | B84: =ORÇAMENTO!D622 -> SERVIÇOS COMPLEMENTARES | C84: =ORÇAMENTO!I622 -> 1633150.9 | D84: =C84/$C$86 -> 0.136041 | O84: 0.5 | P84: 0.5 | Q84: =SUM(E84:P84) -> 1
C86: =SUM(C12:C84) -> 12004843
B88: TOTAL POR PARCELA | C88: R$ | E88: =($C$12*E12)+($C$14*E14)+($C$16*E16)+($C$18*E18)+($C$20*E20)+($C$22*E22)+($C$24*E24)+($C$26*E26)+($C$28*E28)+($C$30*E30)+($C$32*E32)+($C$34*E34)+($C$36*E36)+($C$38*E38)+($C$40*E40)+($C$42*E42)+($C$44*E44)+($C$46*E46)+($C$48*E48)+($C$50*E50)+($C$52*E52)+($C$54*E54)+($C$56*E56)+($C$58*E58)+($C$60*E60)+($C$62*E62)+($C$64*E64)+($C$66*E66)+($C$68*E68)+($C$70*E70)+($C$72*E72)+($C$74*E74)+($C$76*E76)+($C$78*E78)+($C$80*E80)+($C$82*E82)+($C$84*E84) -> 334273.42 | F88: =($C$12*F12)+($C$14*F14)+($C$16*F16)+($C$18*F18)+($C$20*F20)+($C$22*F22)+($C$24*F24)+($C$26*F26)+($C$28*F28)+($C$30*F30)+($C$32*F32)+($C$34*F34)+($C$36*F36)+($C$38*F38)+($C$40*F40)+($C$42*F42)+($C$44*F44)+($C$46*F46)+($C$48*F48)+($C$50*F50)+($C$52*F52)+($C$54*F54)+($C$56*F56)+($C$58*F58)+($C$60*F60)+($C$62*F62)+($C$64*F64)+($C$66*F66)+($C$68*F68)+($C$70*F70)+($C$72*F72)+($C$74*F74)+($C$76*F76)+($C$78*F78)+($C$80*F80)+($C$82*F82)+($C$84*F84) -> 336825.84 | G88: =($C$12*G12)+($C$14*G14)+($C$16*G16)+($C$18*G18)+($C$20*G20)+($C$22*G22)+($C$24*G24)+($C$26*G26)+($C$28*G28)+($C$30*G30)+($C$32*G32)+($C$34*G34)+($C$36*G36)+($C$38*G38)+($C$40*G40)+($C$42*G42)+($C$44*G44)+($C$46*G46)+($C$48*G48)+($C$50*G50)+($C$52*G52)+($C$54*G54)+($C$56*G56)+($C$58*G58)+($C$60*G60)+($C$62*G62)+($C$64*G64)+($C$66*G66)+($C$68*G68)+($C$70*G70)+($C$72*G72)+($C$74*G74)+($C$76*G76)+($C$78*G78)+($C$80*G80)+($C$82*G82)+($C$84*G84) -> 511369.74 | H88: =($C$12*H12)+($C$14*H14)+($C$16*H16)+($C$18*H18)+($C$20*H20)+($C$22*H22)+($C$24*H24)+($C$26*H26)+($C$28*H28)+($C$30*H30)+($C$32*H32)+($C$34*H34)+($C$36*H36)+($C$38*H38)+($C$40*H40)+($C$42*H42)+($C$44*H44)+($C$46*H46)+($C$48*H48)+($C$50*H50)+($C$52*H52)+($C$54*H54)+($C$56*H56)+($C$58*H58)+($C$60*H60)+($C$62*H62)+($C$64*H64)+($C$66*H66)+($C$68*H68)+($C$70*H70)+($C$72*H72)+($C$74*H74)+($C$76*H76)+($C$78*H78)+($C$80*H80)+($C$82*H82)+($C$84*H84) -> 603569.51 | I88: =($C$12*I12)+($C$14*I14)+($C$16*I16)+($C$18*I18)+($C$20*I20)+($C$22*I22)+($C$24*I24)+($C$26*I26)+($C$28*I28)+($C$30*I30)+($C$32*I32)+($C$34*I34)+($C$36*I36)+($C$38*I38)+($C$40*I40)+($C$42*I42)+($C$44*I44)+($C$46*I46)+($C$48*I48)+($C$50*I50)+($C$52*I52)+($C$54*I54)+($C$56*I56)+($C$58*I58)+($C$60*I60)+($C$62*I62)+($C$64*I64)+($C$66*I66)+($C$68*I68)+($C$70*I70)+($C$72*I72)+($C$74*I74)+($C$76*I76)+($C$78*I78)+($C$80*I80)+($C$82*I82)+($C$84*I84) -> 922921.85 | J88: =($C$12*J12)+($C$14*J14)+($C$16*J16)+($C$18*J18)+($C$20*J20)+($C$22*J22)+($C$24*J24)+($C$26*J26)+($C$28*J28)+($C$30*J30)+($C$32*J32)+($C$34*J34)+($C$36*J36)+($C$38*J38)+($C$40*J40)+($C$42*J42)+($C$44*J44)+($C$46*J46)+($C$48*J48)+($C$50*J50)+($C$52*J52)+($C$54*J54)+($C$56*J56)+($C$58*J58)+($C$60*J60)+($C$62*J62)+($C$64*J64)+($C$66*J66)+($C$68*J68)+($C$70*J70)+($C$72*J72)+($C$74*J74)+($C$76*J76)+($C$78*J78)+($C$80*J80)+($C$82*J82)+($C$84*J84) -> 886990.5 | K88: =($C$12*K12)+($C$14*K14)+($C$16*K16)+($C$18*K18)+($C$20*K20)+($C$22*K22)+($C$24*K24)+($C$26*K26)+($C$28*K28)+($C$30*K30)+($C$32*K32)+($C$34*K34)+($C$36*K36)+($C$38*K38)+($C$40*K40)+($C$42*K42)+($C$44*K44)+($C$46*K46)+($C$48*K48)+($C$50*K50)+($C$52*K52)+($C$54*K54)+($C$56*K56)+($C$58*K58)+($C$60*K60)+($C$62*K62)+($C$64*K64)+($C$66*K66)+($C$68*K68)+($C$70*K70)+($C$72*K72)+($C$74*K74)+($C$76*K76)+($C$78*K78)+($C$80*K80)+($C$82*K82)+($C$84*K84) -> 832603.27 | L88: =($C$12*L12)+($C$14*L14)+($C$16*L16)+($C$18*L18)+($C$20*L20)+($C$22*L22)+($C$24*L24)+($C$26*L26)+($C$28*L28)+($C$30*L30)+($C$32*L32)+($C$34*L34)+($C$36*L36)+($C$38*L38)+($C$40*L40)+($C$42*L42)+($C$44*L44)+($C$46*L46)+($C$48*L48)+($C$50*L50)+($C$52*L52)+($C$54*L54)+($C$56*L56)+($C$58*L58)+($C$60*L60)+($C$62*L62)+($C$64*L64)+($C$66*L66)+($C$68*L68)+($C$70*L70)+($C$72*L72)+($C$74*L74)+($C$76*L76)+($C$78*L78)+($C$80*L80)+($C$82*L82)+($C$84*L84) -> 602579.27 | ... P88: =($C$12*P12)+($C$14*P14)+($C$16*P16)+($C$18*P18)+($C$20*P20)+($C$22*P22)+($C$24*P24)+($C$26*P26)+($C$28*P28)+($C$30*P30)+($C$32*P32)+($C$34*P34)+($C$36*P36)+($C$38*P38)+($C$40*P40)+($C$42*P42)+($C$44*P44)+($C$46*P46)+($C$48*P48)+($C$50*P50)+($C$52*P52)+($C$54*P54)+($C$56*P56)+($C$58*P58)+($C$60*P60)+($C$62*P62)+($C$64*P64)+($C$66*P66)+($C$68*P68)+($C$70*P70)+($C$72*P72)+($C$74*P74)+($C$76*P76)+($C$78*P78)+($C$80*P80)+($C$82*P82)+($C$84*P84) -> 1945414.5
B89: PERCENTUAL | C89: % | E89: =E88/$C$86 -> 0.027844879 | F89: =F88/$C$86 -> 0.028057496 | G89: =G88/$C$86 -> 0.042596952 | H89: =H88/$C$86 -> 0.050277166 | I89: =I88/$C$86 -> 0.076879124 | J89: =J88/$C$86 -> 0.073886053 | K89: =K88/$C$86 -> 0.069355612 | L89: =L88/$C$86 -> 0.05019468 | ... P89: =P88/$C$86 -> 0.16205247
B90: TOTAL ACUMULADO | C90: R$ | E90: =E88 -> 334273.42 | F90: =F88+E90 -> 671099.26 | G90: =G88+F90 -> 1182469 | H90: =H88+G90 -> 1786038.5 | I90: =I88+H90 -> 2708960.4 | J90: =J88+I90 -> 3595950.8 | K90: =K88+J90 -> 4428554.1 | L90: =L88+K90 -> 5031133.4 | M90: =M88+L90 -> 6267593.7 | ... P90: =P88+O90 -> 12004843
B91: PERCENTUAL ACUMULADO | C91: % | E91: =E89 -> 0.027844879 | F91: =F89+E91 -> 0.055902375 | G91: =G89+F91 -> 0.098499327 | H91: =H89+G91 -> 0.14877649 | I91: =I89+H91 -> 0.22565562 | J91: =J89+I91 -> 0.29954167 | K91: =K89+J91 -> 0.36889728 | L91: =L89+K91 -> 0.41909196 | M91: =M89+L91 -> 0.52208875 | ... P91: =P89+O91 -> 1
A124: =C12 -> 24463.02 | B124: =B12 -> SERVIÇOS PRELIMINARES (ORLA FLUVIAL) | C124: SP
A125: =C14 -> 72524.15 | B125: =B14 -> DEMOLIÇÃOS E REMOÇÃO | C125: ADM
A126: =C16 -> 21254.18 | B126: =B16 -> MOVIMENTO DE TERRA PARA FUNDAÇÕES | C126: MVTF
A127: =C18 -> 30547.91 | B127: =B18 -> FUNDAÇÕES | C127: FUND
A128: =C20 -> 625866.38 | B128: =B20 -> SUPERESTRUTURA | C128: SUP
A129: =C22 -> 82317.91 | B129: =B22 -> SISTEMA DE VEDAÇÃO VERTICAL | C129: SVVIE
A130: =C24 -> 386611.86 | B130: =B24 -> SISTEMA DE PISO E PAVIMENTAÇÃO | C130: ESQ
A131: =C26 -> 145257.08 | B131: =B26 -> REVESTIMENTOS INTERNO E EXTERNO | C131: SCB
A132: =#REF! -> #REF! | B132: =#REF! -> #REF! | C132: IMP
A133: =C28 -> 87314.11 | B133: =B28 -> ESQUADRIAS | C133: RIE
A134: =C30 -> 38257.82 | B134: =B30 -> IMPERMEABILIZAÇÃO | C134: SPP
A135: =C32 -> 23479.62 | B135: =B32 -> PINTURA E ACABAMENTO | C135: PT
A136: =C34 -> 14688.99 | B136: =B34 -> INSTALAÇÃO HIDRÁULICA | C136: IH
A137: =C36 -> 4903.82 | B137: =B36 -> DRENAGEM DE ÁGUAS PLUVIAIS | C137: ISDP
A138: =#REF! -> #REF! | B138: =#REF! -> #REF! | C138: LM
A139: =C38 -> 52773.45 | B139: =B38 -> INSTALAÇÃO SANITÁRIA | C139: IGC
A140: =C40 -> 48286.7 | B140: =B40 -> LOUÇAS E METAIS | C140: SCCI
A141: =#REF! -> #REF! | B141: =#REF! -> #REF! | C141: IET
A142: =C42 -> 200628.39 | B142: =B42 -> INSTALAÇÃO ELÉTRICA E LÓGICA - 220V | C142: SPCDA
A143: =#REF! -> #REF! | B143: =#REF! -> #REF! | C143: SCOP
A144: =#REF! -> #REF! | B144: =#REF! -> #REF! | C144: SF
A148: 21 | B148: =SMALL($A$124:$A$144,$A148) -> #REF! | C148: =VLOOKUP(B148,$A$124:$B$145,2,0) -> #REF! | D148: =VLOOKUP(B148,$A$124:$C$144,3,0) -> #REF!
A149: 20 | B149: =SMALL($A$124:$A$144,$A149) -> #REF! | C149: =VLOOKUP(B149,$A$124:$B$145,2,0) -> #REF! | D149: =VLOOKUP(B149,$A$124:$C$144,3,0) -> #REF!
A150: 19 | B150: =SMALL($A$124:$A$144,$A150) -> #REF! | C150: =VLOOKUP(B150,$A$124:$B$145,2,0) -> #REF! | D150: =VLOOKUP(B150,$A$124:$C$144,3,0) -> #REF!
A151: 18 | B151: =SMALL($A$124:$A$144,$A151) -> #REF! | C151: =VLOOKUP(B151,$A$124:$B$145,2,0) -> #REF! | D151: =VLOOKUP(B151,$A$124:$C$144,3,0) -> #REF!
A152: 17 | B152: =SMALL($A$124:$A$144,$A152) -> #REF! | C152: =VLOOKUP(B152,$A$124:$B$145,2,0) -> #REF! | D152: =VLOOKUP(B152,$A$124:$C$144,3,0) -> #REF!
A153: 16 | B153: =SMALL($A$124:$A$144,$A153) -> #REF! | C153: =VLOOKUP(B153,$A$124:$B$145,2,0) -> #REF! | D153: =VLOOKUP(B153,$A$124:$C$144,3,0) -> #REF!
A154: 15 | B154: =SMALL($A$124:$A$144,$A154) -> #REF! | C154: =VLOOKUP(B154,$A$124:$B$145,2,0) -> #REF! | D154: =VLOOKUP(B154,$A$124:$C$144,3,0) -> #REF!
A155: 14 | B155: =SMALL($A$124:$A$144,$A155) -> #REF! | C155: =VLOOKUP(B155,$A$124:$B$145,2,0) -> #REF! | D155: =VLOOKUP(B155,$A$124:$C$144,3,0) -> #REF!
A156: 13 | B156: =SMALL($A$124:$A$144,$A156) -> #REF! | C156: =VLOOKUP(B156,$A$124:$B$145,2,0) -> #REF! | D156: =VLOOKUP(B156,$A$124:$C$144,3,0) -> #REF!
A157: 12 | B157: =SMALL($A$124:$A$144,$A157) -> #REF! | C157: =VLOOKUP(B157,$A$124:$B$145,2,0) -> #REF! | D157: =VLOOKUP(B157,$A$124:$C$144,3,0) -> #REF!
A158: 11 | B158: =SMALL($A$124:$A$144,$A158) -> #REF! | C158: =VLOOKUP(B158,$A$124:$B$145,2,0) -> #REF! | D158: =VLOOKUP(B158,$A$124:$C$144,3,0) -> #REF!
A159: 10 | B159: =SMALL($A$124:$A$144,$A159) -> #REF! | C159: =VLOOKUP(B159,$A$124:$B$145,2,0) -> #REF! | D159: =VLOOKUP(B159,$A$124:$C$144,3,0) -> #REF!
... A168: 1 | B168: =SMALL($A$124:$A$144,$A168) -> #REF! | C168: =VLOOKUP(B168,$A$124:$B$145,2,0) -> #REF! | D168: =VLOOKUP(B168,$A$124:$C$144,3,0) -> #REF!

Sheet CURVA ABC
A1: CURVA ABC
A2: PREFEITURA MUNICIPAL DE RIO LARGO
A3: SECRETARIA MUNICIPAL DE INFRAESTRUTURA
A4: BASE: | B4: SINAPI SETEMBRO 2025 E ORSE SETEMBRO 2025
A5: OBJETO: | B5: REVITALIZAÇÃO DA ORLA FLUVIAL DO RIO MUNDAÚ, NO MUNICÍPIO DE RIO LARGO/AL
A8: Bancos | C8: Obra | D8: B.D.I. | G8: Encargos Sociais
A9: SINAPI - 09/2025 - Alagoas ORSE - 09/2025 - Sergipe | C9: ORLA FLUVIAL E FEIRA DA MULAMBEIRA -ajustada com bdi correto | D9: 28,82% | G9: Desonerado: embutido nos preços unitário dos insumos de mão de obra, de acordo com as bases.
A10: Curva ABC de Serviços
A11: Código | B11: Banco | C11: Descrição | D11: Und | E11: Quant. | F11: Valor Unit | G11: Valor Unit com BDI | H11: Total | I11: Peso (%) | J11: Peso Acumulado (%)
A12: SEINFRA RL 780 | B12: Próprio | C12: Estrutura Galpões em Pórticos Pré-Moldados de Concreto Armado, sem Lanternim,c/Montagem, exclusive Telhas, Inclusive Fundações. | D12: m² | E12: 2376.98 | F12: 330 | G12: 425.11 | H12: 1010478 | I12: 0.084172524 | J12: =I12 -> 0.084172524
A13: SEINFRA RL 829 | B13: Próprio | C13: Bancas em Concreto armado, com prateleiras em MDF revestido e puxador inox E Tampo em granito. conforme projeto | D13: un | E13: 212 | F13: 2803.09 | G13: 3610.94 | H13: 765519.28 | I13: 0.063767536 | J13: =I13+J12 -> 0.14794006
A14: 94992 | B14: SINAPI | C14: EXECUÇÃO DE PASSEIO (CALÇADA) OU PISO DE CONCRETO COM CONCRETO MOLDADO IN LOCO, FEITO EM OBRA, ACABAMENTO CONVENCIONAL, ESPESSURA 6 CM, ARMADO. AF_08/2022 | D14: m² | E14: 7331.94 | F14: 79.08 | G14: 101.87 | H14: 746904.73 | I14: 0.062216949 | J14: =I14+J13 -> 0.21015701
A15: 94216 | B15: SINAPI | C15: TELHAMENTO COM TELHA METÁLICA TERMOACÚSTICA E = 30 MM, COM ATÉ 2 ÁGUAS, INCLUSO IÇAMENTO. AF_07/2019 | D15: m² | E15: 3067.92 | F15: 185.93 | G15: 239.52 | H15: 734828.2 | I15: 0.061210977 | J15: =I15+J14 -> 0.27136799
A16: SEINFRA RL 762 | B16: Próprio | C16: REVESTIMENTO EM PORCELANATO, RETIFICADO, LISO, MONOCOLOR, ACETINADO 80x80 | D16: m² | E16: 2024.34 | F16: 198.54 | G16: 255.76 | H16: 517745.2 | I16: 0.043128026 | J16: =I16+J15 -> 0.31449601
A17: SEINFRA RL 677 | B17: Próprio | C17: Brise de alumínio com perfis de 3x15, acabamento em pintura, inclusive instalação | D17: m² | E17: 748.6 | F17: 477.39 | G17: 614.97 | H17: 460366.54 | I17: 0.0383484 | J17: =I17+J16 -> 0.35284441
A18: SEINFRA RL 828 | B18: Próprio | C18: BOX COM DIVISÓRIAS EM ALVENARIA E BANCADA E PRATILEIRA EM GRANITO (UNIDADE PARA 4 BOXS DE 8,26M²). | D18: UN | E18: 14 | F18: 24168.25 | G18: 31133.54 | H18: 435869.56 | I18: 0.036307809 | J18: =I18+J17 -> 0.38915222
A19: SEINFRA RL 779 | B19: Próprio | C19: Estrutura Galpões em Pórticos Pré-Moldados de Concreto Armado, com Lanternim,c/Montagem, excluso telhas, Inclusive Fundações. | D19: m² | E19: 870 | F19: 370 | G19: 476.63 | H19: 414668.1 | I19: 0.034541733 | J19: =I19+J18 -> 0.42369395
A20: 97097 | B20: SINAPI | C20: ACABAMENTO POLIDO PARA PISO DE CONCRETO ARMADO OU LAJE SOBRE SOLO DE ALTA RESISTÊNCIA. AF_09/2021 | D20: m² | E20: 5807.38 | F20: 51.64 | G20: 66.52 | H20: 386306.92 | I20: 0.032179255 | J20: =I20+J19 -> 0.45587321
A21: SEINFRA RL 762 | B21: Próprio | C21: REVESTIMENTO EM PORCELANATO, RETIFICADO, LISO, MONOCOLOR, ACETINADO 80x80 | D21: m² | E21: 1397.79 | F21: 198.54 | G21: 255.76 | H21: 357498.77 | I21: 0.029779545 | J21: =I21+J20 -> 0.48565275
A22: SEINFRA RL 827 | B22: Próprio | C22: PÓRTICO DE ENTRADA EM ESTRUTURA METÁLICA E REVESTIDO COM ACM NA COR CINZA | D22: UN | E22: 1 | F22: 186390.4 | G22: 240108.11 | H22: 240108.11 | I22: 0.020000936 | J22: =I22+J21 -> 0.50565369
A23: 92397 | B23: SINAPI | C23: EXECUÇÃO DE PAVIMENTO EM PISO INTERTRAVADO, COM BLOCO RETANGULAR COR NATURAL DE 20 X 10 CM, ESPESSURA 6 CM. AF_10/2022 | D23: m² | E23: 2319.63 | F23: 72.79 | G23: 93.77 | H23: 217511.71 | I23: 0.018118663 | J23: =I23+J22 -> 0.52377235
A24: SEINFRA RL 665 | B24: Próprio | C24: GUARDA CORPO EM CONCRETO (h = 0,8), COM PILARES A CADA 2M E BASE 0,15 X 0,30.CONFORME PROJETO. 50 CM ENGASTADO | D24: M | E24: 334.99 | F24: 495.98 | G24: 638.92 | H24: 214031.81 | I24: 0.017828788 | J24: =I24+J23 -> 0.54160114
... A523: SEINFRA RL 818 | B523: Próprio | C523: Cap de pvc rígido soldável, marrom, diâm = 25mm | D523: un | E523: 1 | F523: 3.89 | G523: 5.01 | H523: 5.01 | I523: 4.1733156e-07 | J523: =I523+J522 -> 1

Sheet COMPOSIÇOES
A1: COMPOSIÇÕES
A2: PREFEITURA MUNICIPAL DE RIO LARGO
A3: SECRETARIA MUNICIPAL DE INFRAESTRUTURA
A4: BASE: | B4: SINAPI SETEMBRO 2025 E ORSE SETEMBRO 2025
A5: OBJETO: | B5: REVITALIZAÇÃO DA ORLA FLUVIAL DO RIO MUNDAÚ, NO MUNICÍPIO DE RIO LARGO/AL
A6: Encargos Sociais | G6: B.D.I.
A7: Desonerado: embutido nos preços unitário dos insumos de mão de obra, de acordo com as bases. | G7: 28.82
A8: Composições Analíticas com Preço Unitário
A9: Composições Principais
A10: 2.7 | B10: Código | C10: Banco | D10: Descrição | E10: Tipo | G10: Und | H10: Quant. | I10: Valor Unit | J10: Total
A11: Composição | B11: SEINFRA RL 208 | C11: Próprio | D11: DESMONTAGEM DE ESTRUTURA METÁLICA COM RETIRADA DE SOLDA E CORTE DE PEÇAS POR MEIO DE LIXADEIRA | E11: SEDI - SERVIÇOS DIVERSOS | G11: m² | H11: 1 | I11: 24.42 | J11: 24.42
A12: Composição Auxiliar | B12: 88317 | C12: SINAPI | D12: SOLDADOR COM ENCARGOS COMPLEMENTARES | E12: Livro SINAPI: Cálculos e Parâmetros | G12: H | H12: 0.5 | I12: 27.73 | J12: 13.86
A13: Composição Auxiliar | B13: 88316 | C13: SINAPI | D13: SERVENTE COM ENCARGOS COMPLEMENTARES | E13: Livro SINAPI: Cálculos e Parâmetros | G13: H | H13: 0.5 | I13: 19.72 | J13: 9.86
A14: Insumo | B14: 00013192 | C14: SINAPI | D14: LIXADEIRA ELETRICA ANGULAR PARA CONCRETO, POTENCIA 1.400 W, PRATO DIAMANTADO DE 5" | E14: Equipamento para Aquisição Permanente | G14: UN | H14: 0.0001 | I14: 2596.4 | J14: 0.25
A15: Insumo | B15: 00044533 | C15: SINAPI | D15: DISCO DE DESBASTE PARA METAL FERROSO EM GERAL, COM TRES TELAS, 9 X 1/4 X 7/8" (228,6 X 6,4 X 22,2 MM) | E15: Material | G15: UN | H15: 0.02 | I15: 22.61 | J15: 0.45
E16: MO sem LS => | F16: 17.23 | G16: LS => | H16: 0 | I16: MO com LS => | J16: 17.23
E17: Valor do BDI => | F17: 7.03 | H17: Valor com BDI => | J17: 31.45
A19: 2.8 | B19: Código | C19: Banco | D19: Descrição | E19: Tipo | G19: Und | H19: Quant. | I19: Valor Unit | J19: Total
A20: Composição | B20: SEINFRA RL 746 | C20: Próprio | D20: Remoção de poste de concreto armado seção circular ou duplo T | E20: 331 | G20: un | H20: 1 | I20: 528.54 | J20: 528.54
A21: Composição Auxiliar | B21: 93403 | C21: SINAPI | D21: GUINDAUTO HIDRÁULICO, CAPACIDADE MÁXIMA DE CARGA 3300 KG, MOMENTO MÁXIMO DE CARGA 5,8 TM, ALCANCE MÁXIMO HORIZONTAL 7,60 M, INCLUSIVE CAMINHÃO TOCO PBT 16.000 KG, POTÊNCIA DE 189 CV - CHI DIURNO. AF_03/2016 | E21: Custos Horários Produtivo e Improdutivo dos Equipamentos | G21: CHI | H21: 1 | I21: 66.09 | J21: 66.09
A22: Composição Auxiliar | B22: 88316 | C22: SINAPI | D22: SERVENTE COM ENCARGOS COMPLEMENTARES | E22: Livro SINAPI: Cálculos e Parâmetros | G22: H | H22: 4 | I22: 19.72 | J22: 78.88
A23: Composição Auxiliar | B23: 88264 | C23: SINAPI | D23: ELETRICISTA COM ENCARGOS COMPLEMENTARES | E23: Livro SINAPI: Cálculos e Parâmetros | G23: H | H23: 4 | I23: 29.64 | J23: 118.56
A24: Composição Auxiliar | B24: 93402 | C24: SINAPI | D24: GUINDAUTO HIDRÁULICO, CAPACIDADE MÁXIMA DE CARGA 3300 KG, MOMENTO MÁXIMO DE CARGA 5,8 TM, ALCANCE MÁXIMO HORIZONTAL 7,60 M, INCLUSIVE CAMINHÃO TOCO PBT 16.000 KG, POTÊNCIA DE 189 CV - CHP DIURNO. AF_03/2016 | E24: Custos Horários Produtivo e Improdutivo dos Equipamentos | G24: CHP | H24: 1 | I24: 265.01 | J24: 265.01
E25: MO sem LS => | F25: 194.46 | G25: LS => | H25: 0 | I25: MO com LS => | J25: 194.46
E26: Valor do BDI => | F26: 152.32 | H26: Valor com BDI => | J26: 680.86
A28: 4.1.5 | B28: Código | C28: Banco | D28: Descrição | E28: Tipo | G28: Und | H28: Quant. | I28: Valor Unit | J28: Total
A29: Composição | B29: SEINFRA RL 668 | C29: Próprio | D29: MURO DE CONTENÇAO EM PEDRA RACHÃO | E29: ASTU - ASSENTAMENTO DE TUBOS E PECAS | G29: m³ | H29: 1 | I29: 367.53 | J29: 367.53
A30: Composição Auxiliar | B30: 88309 | C30: SINAPI | D30: PEDREIRO COM ENCARGOS COMPLEMENTARES | E30: Livro SINAPI: Cálculos e Parâmetros | G30: H | H30: 1 | I30: 24.41 | J30: 24.41
A31: Composição Auxiliar | B31: 88316 | C31: SINAPI | D31: SERVENTE COM ENCARGOS COMPLEMENTARES | E31: Livro SINAPI: Cálculos e Parâmetros | G31: H | H31: 1 | I31: 19.72 | J31: 19.72
A32: Composição Auxiliar | B32: 88630 | C32: SINAPI | D32: ARGAMASSA TRAÇO 1:4 (CIMENTO E AREIA MÉDIA), PREPARO MECÂNICO COM BETONEIRA 400 L. AF_08/2019 | E32: Argamassas | G32: m³ | H32: 0.5 | I32: 472.91 | J32: 236.45
A33: Insumo | B33: 00004730 | C33: SINAPI | D33: PEDRA DE MAO OU PEDRA RACHAO PARA ARRIMO/FUNDACAO (POSTO PEDREIRA/FORNECEDOR, SEM FRETE) | E33: Material | G33: m³ | H33: 1 | I33: 86.95 | J33: 86.95
E34: MO sem LS => | F34: 52.07 | G34: LS => | H34: 0 | I34: MO com LS => | J34: 52.07
E35: Valor do BDI => | F35: 105.92 | H35: Valor com BDI => | J35: 473.45
A37: 5.5.6 | B37: Código | C37: Banco | D37: Descrição | E37: Tipo | G37: Und | H37: Quant. | I37: Valor Unit | J37: Total
A38: Composição | B38: SEINFRA RL 209 | C38: Próprio | D38: LAJE PRÉ-FABRICADA TRELIÇADA PARA PISO OU COBERTURA, INTEREIXO 38CM, H=16CM, ENCHIMENTO EM EPS H=12CM, INCLUSIVE ESCORAMENTO EM MADEIRA E CAPEAMENTO 4CM | E38: FUES - FUNDAÇÕES E ESTRUTURAS | G38: m² | H38: 1 | I38: 220.62 | J38: 220.62
A39: Composição Auxiliar | B39: 88262 | C39: SINAPI | D39: CARPINTEIRO DE FORMAS COM ENCARGOS COMPLEMENTARES | E39: Livro SINAPI: Cálculos e Parâmetros | G39: H | H39: 0.81 | I39: 24.01 | J39: 19.44
A40: Composição Auxiliar | B40: 88245 | C40: SINAPI | D40: ARMADOR COM ENCARGOS COMPLEMENTARES | E40: Livro SINAPI: Cálculos e Parâmetros | G40: H | H40: 0.15 | I40: 24.23 | J40: 3.63
A41: Composição Auxiliar | B41: 88316 | C41: SINAPI | D41: SERVENTE COM ENCARGOS COMPLEMENTARES | E41: Livro SINAPI: Cálculos e Parâmetros | G41: H | H41: 2.1 | I41: 19.72 | J41: 41.41
A42: Composição Auxiliar | B42: 88309 | C42: SINAPI | D42: PEDREIRO COM ENCARGOS COMPLEMENTARES | E42: Livro SINAPI: Cálculos e Parâmetros | G42: H | H42: 0.47 | I42: 24.41 | J42: 11.47
A43: Insumo | B43: 7534 | C43: ORSE | D43: Laje pré-fabricada treliçada para piso ou cobertura, h=16cm, el. enchimento em bloco EPS, h=12cm | E43: Material | G43: m² | H43: 1 | I43: 70.97 | J43: 70.97
A44: Insumo | B44: 1569 | C44: ORSE | D44: Madeira mista serrada (barrote) 6 x 6cm - 0,0036 m3/m (angelim, louro) | E44: Material | G44: m | H44: 1.86 | I44: 6.69 | J44: 12.44
A45: Insumo | B45: 00005075 | C45: SINAPI | D45: PREGO DE ACO POLIDO COM CABECA 18 X 30 (2 3/4 X 10) | E45: Material | G45: KG | H45: 0.03 | I45: 24.17 | J45: 0.72
A46: Insumo | B46: 00001379 | C46: SINAPI | D46: CIMENTO PORTLAND COMPOSTO CP II-32 | E46: Material | G46: KG | H46: 18 | I46: 0.82 | J46: 14.76
A47: Insumo | B47: 81 | C47: ORSE | D47: Aço ca-50 6,3 a 12,5 mm | E47: Material | G47: kg | H47: 1.89 | I47: 8.54 | J47: 16.14
A48: Insumo | B48: 00000367 | C48: SINAPI | D48: AREIA GROSSA - POSTO JAZIDA/FORNECEDOR (RETIRADO NA JAZIDA, SEM TRANSPORTE) | E48: Material | G48: m³ | H48: 0.06 | I48: 101.3 | J48: 6.07
A49: Insumo | B49: 00004509 | C49: SINAPI | D49: SARRAFO *2,5 X 10* CM EM PINUS, MISTA OU EQUIVALENTE DA REGIAO - BRUTA | E49: Material | G49: M | H49: 1.03 | I49: 5.8 | J49: 5.97
... A52: Insumo | B52: 00004718 | C52: SINAPI | D52: PEDRA BRITADA N. 2 (19 A 38 MM) POSTO PEDREIRA/FORNECEDOR, SEM FRETE | E52: Material | G52: m³ | H52: 0.0408 | I52: 93 | J52: 3.79
E53: MO sem LS => | F53: 54.92 | G53: LS => | H53: 0 | I53: MO com LS => | J53: 54.92
E54: Valor do BDI => | F54: 63.58 | H54: Valor com BDI => | J54: 284.2
A56: 5.6.1 | B56: Código | C56: Banco | D56: Descrição | E56: Tipo | G56: Und | H56: Quant. | I56: Valor Unit | J56: Total
A57: Composição | B57: SEINFRA RL 226 | C57: Próprio | D57: FECHAMENTO LATERAL (REVESTIDO) EM ACM COM ESTRUTURA METÁLICA GALVANIZADA | E57: PARE - PAREDES/PAINEIS | G57: m² | H57: 1 | I57: 715.31 | J57: 715.31
A58: Composição Auxiliar | B58: 88316 | C58: SINAPI | D58: SERVENTE COM ENCARGOS COMPLEMENTARES | E58: Livro SINAPI: Cálculos e Parâmetros | G58: H | H58: 0.7 | I58: 19.72 | J58: 13.8
A59: Composição Auxiliar | B59: 88315 | C59: SINAPI | D59: SERRALHEIRO COM ENCARGOS COMPLEMENTARES | E59: Livro SINAPI: Cálculos e Parâmetros | G59: H | H59: 1.3 | I59: 26.04 | J59: 33.85
A60: Insumo | B60: 12737 | C60: ORSE | D60: Estrutura metálica galvanizada, revestida por placas de ACM (alumínio composto) recortado, e=0,3mm, na cor cobre, 1,00 nx 1,00m, fixação da estrutura metálica sem avanço na est. espacial existente no local por parafusos. - fornecimento e montagem | E60: Serviços | G60: m² | H60: 1.05 | I60: 635.87 | J60: 667.66
E61: MO sem LS => | F61: 35.59 | G61: LS => | H61: 0 | I61: MO com LS => | J61: 35.59
E62: Valor do BDI => | F62: 206.15 | H62: Valor com BDI => | J62: 921.46
A64: 5.6.3 | B64: Código | C64: Banco | D64: Descrição | E64: Tipo | G64: Und | H64: Quant. | I64: Valor Unit | J64: Total
A65: Composição | B65: SEINFRA RL 402 | C65: Próprio | D65: CALHA EM CHAPA DE ALUMÍNIO, DESENVOLVIMENTO 80 CM | E65: COBE - COBERTURA | G65: M | H65: 1 | I65: 139.79 | J65: 139.79
A66: Composição Auxiliar | B66: 88316 | C66: SINAPI | D66: SERVENTE COM ENCARGOS COMPLEMENTARES | E66: Livro SINAPI: Cálculos e Parâmetros | G66: H | H66: 1.25 | I66: 19.72 | J66: 24.65
A67: Composição Auxiliar | B67: 88262 | C67: SINAPI | D67: CARPINTEIRO DE FORMAS COM ENCARGOS COMPLEMENTARES | E67: Livro SINAPI: Cálculos e Parâmetros | G67: H | H67: 1.25 | I67: 24.01 | J67: 30.01
A68: Insumo | B68: 9364 | C68: ORSE | D68: Calha em chapa de aluminio, desenvolvimento 80cm | E68: Material | G68: m | H68: 1 | I68: 85.13 | J68: 85.13
E69: MO sem LS => | F69: 39.89 | G69: LS => | H69: 0 | I69: MO com LS => | J69: 39.89
E70: Valor do BDI => | F70: 40.28 | H70: Valor com BDI => | J70: 180.07
A72: 5.6.4 | B72: Código | C72: Banco | D72: Descrição | E72: Tipo | G72: Und | H72: Quant. | I72: Valor Unit | J72: Total
A73: Composição | B73: SEINFRA RL 222 | C73: Próprio | D73: ESTRUTURA METÁLICA ESPACIAL COMPOSTA POR TESOURA E APOIADA EM MÃO FRANCESA EM PERFIL TUBULAR. | E73: COBE - COBERTURA | G73: UND | H73: 1 | I73: 132254.77 | J73: 132254.77
A74: Composição Auxiliar | B74: 88316 | C74: SINAPI | D74: SERVENTE COM ENCARGOS COMPLEMENTARES | E74: Livro SINAPI: Cálculos e Parâmetros | G74: H | H74: 220 | I74: 19.72 | J74: 4338.4
A75: Composição Auxiliar | B75: 88317 | C75: SINAPI | D75: SOLDADOR COM ENCARGOS COMPLEMENTARES | E75: Livro SINAPI: Cálculos e Parâmetros | G75: H | H75: 220 | I75: 27.73 | J75: 6100.6
A76: Composição Auxiliar | B76: 92257 | C76: SINAPI | D76: INSTALAÇÃO DE TESOURA (INTEIRA OU MEIA), EM AÇO, PARA VÃOS MAIORES OU IGUAIS A 8,0 M E MENORES QUE 10,0 M, INCLUSO IÇAMENTO. AF_07/2019 | E76: Estrutura e Trama para Cobertura | G76: UN | H76: 115.5 | I76: 246.05 | J76: 28418.77
A77: Insumo | B77: 00010999 | C77: SINAPI | D77: ELETRODO REVESTIDO AWS - E6013, DIAMETRO IGUAL A 4,00 MM | E77: Material | G77: KG | H77: 50 | I77: 48.3 | J77: 2415
A78: Insumo | B78: 13111 | C78: ORSE | D78: Perfil Aço, UDC Simples 100 x 50 x 6,77(kg/m) - SAE 1008/1012 | E78: Material | G78: kg | H78: 1083.2 | I78: 8.66 | J78: 9380.51
A79: Insumo | B79: 2441 | C79: ORSE | D79: Perfil Aço Laminado, U 101,6 x 40,23 mm (8,04 kg/m) ASTM A36 | E79: Material | G79: kg | H79: 5073.4 | I79: 9.12 | J79: 46269.4
A80: Insumo | B80: 00001333 | C80: SINAPI | D80: CHAPA DE ACO GROSSA, ASTM A36, E = 1/2" (12,70 MM) 99,59 KG/M2 | E80: Material | G80: KG | H80: 248.98 | I80: 11.75 | J80: 2925.51
A81: Insumo | B81: 13107 | C81: ORSE | D81: Perfil Aço, UDC Simples 100 x 40 x 3,06(kg/m) - SAE 1008/1012 | E81: Material | G81: kg | H81: 3742.1 | I81: 8.66 | J81: 32406.58
E82: MO sem LS => | F82: 20886.58 | G82: LS => | H82: 0 | I82: MO com LS => | J82: 20886.58
E83: Valor do BDI => | F83: 38115.82 | H83: Valor com BDI => | J83: 170370.59
A85: 5.6.5 | B85: Código | C85: Banco | D85: Descrição | E85: Tipo | G85: Und | H85: Quant. | I85: Valor Unit | J85: Total
A86: Composição | B86: SEINFRA RL 657 | C86: Próprio | D86: PERGOLADO EM PERFIL "U" ENRIJECIDO, EM CHAPA DOBRADA DE ACO LAMINADO, E = 3,75 MM, H = 200 MM, L = 75 MM (9,94 KG/M) PILARES EM FORMARO QUADRADO, ENGASTADO EM BROCO DE CONCRETO. CONFORME PROJETO | E86: Mobiliário Urbano | G86: UN | H86: 1 | I86: 7726.99 | J86: 7726.99
A87: Composição Auxiliar | B87: 102486 | C87: SINAPI | D87: CONCRETO FCK = 15MPA, TRAÇO 1:3,4:3,4 (EM MASSA SECA DE CIMENTO/ AREIA MÉDIA/ SEIXO ROLADO) - PREPARO MANUAL. AF_05/2021 | E87: Produção de Concreto | G87: m³ | H87: 1 | I87: 619.62 | J87: 619.62
A88: Composição Auxiliar | B88: 88316 | C88: SINAPI | D88: SERVENTE COM ENCARGOS COMPLEMENTARES | E88: Livro SINAPI: Cálculos e Parâmetros | G88: H | H88: 16 | I88: 19.72 | J88: 315.52
A89: Composição Auxiliar | B89: 95468 | C89: SINAPI | D89: PINTURA ESMALTE BRILHANTE (2 DEMAOS) SOBRE SUPERFICIE METALICA, INCLUSIVE PROTECAO COM ZARCAO (1 DEMAO) | E89: PINT - PINTURAS | G89: m² | H89: 18 | I89: 49.35 | J89: 888.3
A90: Composição Auxiliar | B90: 88317 | C90: SINAPI | D90: SOLDADOR COM ENCARGOS COMPLEMENTARES | E90: Livro SINAPI: Cálculos e Parâmetros | G90: H | H90: 16 | I90: 27.73 | J90: 443.68
A91: Composição Auxiliar | B91: 104919 | C91: SINAPI | D91: ARMAÇÃO DE SAPATA ISOLADA, VIGA BALDRAME E SAPATA CORRIDA UTILIZANDO AÇO CA-50 DE 10 MM - MONTAGEM. AF_01/2024 | E91: Fundações Rasas (Blocos, Sapatas, Vigas Baldrame) | G91: KG | H91: 9.5 | I91: 14.4 | J91: 136.8
A92: Composição Auxiliar | B92: 96543 | C92: SINAPI | D92: ARMAÇÃO DE BLOCO UTILIZANDO AÇO CA-60 DE 5 MM - MONTAGEM. AF_01/2024 | E92: Fundações Rasas (Blocos, Sapatas, Vigas Baldrame) | G92: KG | H92: 7.9 | I92: 20.47 | J92: 161.71
A93: Insumo | B93: 00043083 | C93: SINAPI | D93: PERFIL "U" ENRIJECIDO, EM CHAPA DOBRADA DE ACO LAMINADO, E = 3,75 MM, H = 200 MM, L = 75 MM (9,94 KG/M) | E93: Material | G93: KG | H93: 596 | I93: 8.66 | J93: 5161.36
E94: MO sem LS => | F94: 1174.3 | G94: LS => | H94: 0 | I94: MO com LS => | J94: 1174.3
E95: Valor do BDI => | F95: 2226.91 | H95: Valor com BDI => | J95: 9953.9
A97: 5.6.6 | B97: Código | C97: Banco | D97: Descrição | E97: Tipo | G97: Und | H97: Quant. | I97: Valor Unit | J97: Total
A98: Composição | B98: SEINFRA RL 664 | C98: Próprio | D98: Brise em madeira, com réguas cantos abaulados, protegidas duas demãos de verniz marítimo, em todas as faces. fornecimento e instalação conforme projeto. | E98: 140 | G98: m² | H98: 1 | I98: 144.45 | J98: 144.45
A99: Composição Auxiliar | B99: 88261 | C99: SINAPI | D99: CARPINTEIRO DE ESQUADRIAS COM ENCARGOS COMPLEMENTARES | E99: Livro SINAPI: Cálculos e Parâmetros | G99: H | H99: 1.6 | I99: 23.2 | J99: 37.12
A100: Composição Auxiliar | B100: 88316 | C100: SINAPI | D100: SERVENTE COM ENCARGOS COMPLEMENTARES | E100: Livro SINAPI: Cálculos e Parâmetros | G100: H | H100: 1.6 | I100: 19.72 | J100: 31.55
A101: Insumo | B101: 12513 | C101: ORSE | D101: Parafuso de metal, 1/4" x 10cm, cabeça chata e fenda | E101: Material | G101: un | H101: 10 | I101: 2.16 | J101: 21.6
A102: Insumo | B102: 00010481 | C102: SINAPI | D102: VERNIZ MARITIMO PREMIUM PARA MADEIRA, COM FILTRO SOLAR, BRILHANTE, USO INTERNO E EXTERNO | E102: Material | G102: L | H102: 0.576 | I102: 39.88 | J102: 22.97
A103: Insumo | B103: 8876 | C103: ORSE | D103: Ripão massaranduba serrada 5,5cm x 3,5cm | E103: Material | G103: m | H103: 1.1 | I103: 28.38 | J103: 31.21
E104: MO sem LS => | F104: 49.77 | G104: LS => | H104: 0 | I104: MO com LS => | J104: 49.77
E105: Valor do BDI => | F105: 41.63 | H105: Valor com BDI => | J105: 186.08
A107: 7.8 | B107: Código | C107: Banco | D107: Descrição | E107: Tipo | G107: Und | H107: Quant. | I107: Valor Unit | J107: Total
A108: Composição | B108: SEINFRA RL 748 | C108: Próprio | D108: Colchão de areia para implantação de grama | E108: 331 | G108: m³ | H108: 1 | I108: 142.28 | J108: 142.28
A109: Composição Auxiliar | B109: 5074 | C109: ORSE | D109: Transporte comercial com caminhão basculante de 10m³, em rodovia pavimentada (densidade=1,5t/m³) | E109: Transportes | G109: tkm | H109: 15 | I109: 0.78952061 | J109: 11.84
A110: Composição Auxiliar | B110: 10549 | C110: ORSE | D110: Encargos Complementares - Servente | E110: Provisórios | G110: h | H110: 1 | I110: 3.86 | J110: 3.86
A111: Insumo | B111: 00000366/SINAPI | C111: ORSE | D111: Areia fina - posto jazida/fornecedor (retirado na jazida, sem transporte) | E111: Material | G111: m³ | H111: 1.12 | I111: 100 | J111: 112
...

Sheet MEMÓRIA DE CALCULO
A1: MEMÓRIA DE CALCULO
A2: PREFEITURA MUNICIPAL DE RIO LARGO
A3: SECRETARIA MUNICIPAL DE INFRAESTRUTURA
A4: BASE: | B4: SINAPI SETEMBRO 2025 E ORSE SETEMBRO 2025
A5: OBJETO: | B5: REVITALIZAÇÃO DA ORLA FLUVIAL DO RIO MUNDAÚ, NO MUNICÍPIO DE RIO LARGO/AL
A7: Encargos Sociais | C7: B.D.I.
A8: Desonerado: embutido nos preços unitário dos insumos de mão de obra, de acordo com as bases. | C8: 28.82
A9: Orçamento Sintético
A10: Item | B10: Código | C10: Banco | D10: Descrição | E10: Und | F10: Quant. | G10: Valor Unit | H10: Valor Unit com BDI | I10: Total | J10: Peso (%)
A11: 1 | D11: SERVIÇOS PRELIMINARES (ORLA FLUVIAL) | F11: 1 | H11: 24451.65 | I11: 24451.65 | J11: 0.0020285469
A12: 1.1 | B12: 103689 | C12: SINAPI | D12: FORNECIMENTO E INSTALAÇÃO DE PLACA DE OBRA COM CHAPA GALVANIZADA E ESTRUTURA DE MADEIRA. AF_03/2022_PS | E12: m² | F12: 21 | G12: 461.91 | H12: 595.03 | I12: 12495.63 | J12: 0.0010366569
A13: Local | D13: Descrição | E13: Fórmula | I13: Quantidade
D14: PLACA | E14: C=6*h=3,5 | I14: 21
A15: 1.2 | B15: 99059 | C15: SINAPI | D15: LOCAÇÃO CONVENCIONAL DE OBRA, UTILIZANDO GABARITO DE TÁBUAS CORRIDAS PONTALETADAS A CADA 2,00M - 2 UTILIZAÇÕES. AF_03/2024 | E15: M | F15: 151.56 | G15: 57.31 | H15: 73.82 | I15: 11188.15 | J15: 0.0009281863
A16: Local | D16: Descrição | E16: Fórmula | I16: Quantidade
D17: POSTO POLICIAL | E17: L=4,3+C=6,3*2 | I17: 16.9
D18: BANHEIROS | E18: L=8,84+C=9,41*2 | I18: 27.66
D19: TERMINAL | E19: L=17+C=45*2 | I19: 107
A20: 1.3 | B20: 98525 | C20: SINAPI | D20: LIMPEZA MECANIZADA DE CAMADA VEGETAL, VEGETAÇÃO E PEQUENAS ÁRVORES (DIÂMETRO DE TRONCO MENOR QUE 0,20 M), COM TRATOR DE ESTEIRAS. AF_03/2024 | E20: m² | F20: 984.45 | G20: 0.61 | H20: 0.78 | I20: 767.87 | J20: 6.3703688e-05
A21: Local | D21: Descrição | E21: Fórmula | I21: Quantidade
D22: AREA CAD | E22: 984,45 | I22: 984.45
A23: 2 | D23: DEMOLIÇÃOS E REMOÇÃO | F23: 1 | H23: 72508.12 | I23: 72508.12 | J23: 0.0060153863
A24: 2.1 | B24: 104790 | C24: SINAPI | D24: DEMOLIÇÃO DE PISO DE CONCRETO SIMPLES, DE FORMA MECANIZADA COM MARTELETE, SEM REAPROVEITAMENTO. AF_09/2023 | E24: m³ | F24: 17.36 | G24: 93.59 | H24: 120.56 | I24: 14148.98 | J24: 0.0011738214
A25: Local | D25: Descrição | E25: Fórmula | I25: Quantidade
D26: CALÇADA | E26: C=278,53*L=3,2*h=0,07 | I26: 62.39072
D27: CALÇADA | E27: C=32,72*L=5,75*0,07 | I27: 13.1698
D28: CALÇADA PONTO DE ONIBUS | E28: C=11*L=3,8 | I28: 41.8
A29: 2.2 | B29: 97636 | C29: SINAPI | D29: DEMOLIÇÃO PARCIAL DE PAVIMENTO ASFÁLTICO, DE FORMA MECANIZADA, SEM REAPROVEITAMENTO. AF_09/2023 | E29: m² | F29: 699.22 | G29: 20.68 | H29: 26.63 | I29: 18620.21 | J29: 0.0015447615
A30: Local | D30: Descrição | E30: Fórmula | I30: Quantidade
D31: ESPAÇO BANHEIRO E POSTO | E31: L=10,99*C=21,56 | I31: 236.9444
D32: PASSEIO | E32: L=1,5*C=66,30 | I32: 99.45
D33: TERMINAL | E33: L=3,3*C=45*2 | I33: 297
D34: FAIXA PEDESTRE | E34: C=6*L=2 | I34: 12
D35: FAIXA PEDESTRE | E35: C=7,3*L=2*2 | I35: 29.2
D36: FAIXA PEDESTRE | E36: C=9,85*L=2,5 | I36: 24.625
A37: 2.3 | B37: 104796 | C37: SINAPI | D37: DEMOLIÇÃO DE GUIAS, SARJETAS OU SARJETÕES, DE FORMA MECANIZADA, SEM REAPROVEITAMENTO. AF_09/2023 | E37: M | F37: 401.89 | G37: 12.21 | H37: 15.72 | I37: 6317.71 | J37: 0.00052412703
A38: Local | D38: Descrição | E38: Fórmula | I38: Quantidade
D39: GUIA/MEIO-FIO | E39: C=44,54 | I39: 44.54
D40: GUIA/MEIO-FIO | E40: C=45,85 | I40: 45.85
D41: GUIA/MEIO-FIO | E41: C=278,53 | I41: 278.53
D42: GUIA/MEIO-FIO | E42: C=32,97 | I42: 32.97
A43: 2.4 | B43: 104800 | C43: SINAPI | D43: REMOÇÃO DE CERCAS E MOURÕES, DE FORMA MANUAL, SEM REAPROVEITAMENTO. AF_09/2023 | E43: M | F43: 102.15 | G43: 8.45 | H43: 10.88 | I43: 1111.39 | J43: 9.2202641e-05
A44: Local | D44: Descrição | E44: Fórmula | I44: Quantidade
D45: CERCA DE EUCALIPTO TRATADO | E45: C=25+77,15 | I45: 102.15
A46: 2.5 | B46: 100998 | C46: SINAPI | D46: CARGA, MANOBRA E DESCARGA DE ENTULHO EM CAMINHÃO BASCULANTE 10 M³ - CARGA COM ESCAVADEIRA HIDRÁULICA (CAÇAMBA DE 0,80 M³ / 111 HP) E DESCARGA LIVRE (UNIDADE: T). AF_07/2020 | E46: T | F46: 263.35 | G46: 5.85 | H46: 7.53 | I46: 1983.01 | J46: 0.00016451359
A47: Local | D47: Descrição | E47: Fórmula | I47: Quantidade
D48: PISO | E48: 75,56052*2,4 | I48: 181.34525
D49: ASFALTO | E49: 16,81*2,35 | I49: 39.5035
D50: MEIO FIO | E50: C=401,89*L=0,15*h=0,30*2,35 | I50: 42.499868
A51: 2.6 | B51: 97912 | C51: SINAPI | D51: TRANSPORTE COM CAMINHÃO BASCULANTE DE 6 M³, EM VIA URBANA EM LEITO NATURAL (UNIDADE: M3XKM). AF_07/2020 | E51: M3XKM | F51: 3313.96 | G51: 3.66 | H51: 4.71 | I51: 15608.74 | J51: 0.0012949253
A52: Local | D52: Descrição | E52: Fórmula | I52: Quantidade
D53: CALÇADA | E53: 75,56052*30 | I53: 2266.8156
D54: ESPAÇO BANHEIRO E POSTO | E54: L=10,99*C=21,56*h=0,05*30 | I54: 355.4166
E55: L=1,5*C=66,30*h=0,05*30 | I55: 149.175
D56: GUIA | E56: C=401,89*L=0,15*h=0,30*30 | I56: 542.5515
A57: 2.7 | B57: SEINFRA RL 208 | C57: Próprio | D57: DESMONTAGEM DE ESTRUTURA METÁLICA COM RETIRADA DE SOLDA E CORTE DE PEÇAS POR MEIO DE LIXADEIRA | E57: m² | F57: 121.6 | G57: 24.42 | H57: 31.45 | I57: 3824.32 | J57: 0.00031727153
A58: Local | D58: Descrição | E58: Fórmula | I58: Quantidade
D59: PONTO DE ONIBUS | E59: C=15*L=3,8 | I59: 57
D60: PONTO DE ONIBUS | E60: C=6*L=3,8 | I60: 22.8
D61: PONTO DE ONIBUS | E61: C=11*L=3,8 | I61: 41.8
A62: 2.8 | B62: SEINFRA RL 746 | C62: Próprio | D62: Remoção de poste de concreto armado seção circular ou duplo T | E62: un | F62: 16 | G62: 528.54 | H62: 680.86 | I62: 10893.76 | J62: 0.00090376325
A63: Local | D63: Descrição | E63: Fórmula | I63: Quantidade
D64: POSTE | E64: 16 | I64: 16
A65: 3 | D65: MOVIMENTO DE TERRA PARA FUNDAÇÕES | F65: 1 | H65: 21224.02 | I65: 21224.02 | J65: 0.0017607777
A66: 3.1 | B66: 100576 | C66: SINAPI | D66: REGULARIZAÇÃO E COMPACTAÇÃO DE SUBLEITO DE SOLO PREDOMINANTEMENTE ARGILOSO, PARA OBRAS DE CONSTRUÇÃO DE PAVIMENTOS. AF_09/2024 | E66: m² | F66: 3151.14 | G66: 2.67 | H66: 3.43 | I66: 10808.41 | J66: 0.00089668248
A67: Local | D67: Descrição | E67: Fórmula | I67: Quantidade
D68: AREA CAD | E68: 2549,21 | I68: 2549.21
D69: AREA CAD | E69: 353,18 | I69: 353.18
D70: AREA CAD | E70: 248,75 | I70: 248.75
A71: 3.2 | B71: 96527 | C71: SINAPI | D71: ESCAVAÇÃO MANUAL PARA VIGA BALDRAME OU SAPATA CORRIDA (INCLUINDO ESCAVAÇÃO PARA COLOCAÇÃO DE FÔRMAS). AF_01/2024 | E71: m³ | F71: 36.5 | G71: 93.81 | H71: 120.84 | I71: 4411.53 | J71: 0.00036598738
A72: Local | D72: Descrição | E72: Fórmula | I72: Quantidade
D73: POSTO POLICIAL BALDRAME | E73: C=6,6+10,6*L=0,15*h=0,3 | I73: 7.077
D74: BANHEIRO BALDRAME | E74: C=7,5+9+3,55+9+8,45*L=0,15*h=0,3 | I74: 29.43025
A75: 3.3 | B75: 94342 | C75: SINAPI | D75: ATERRO MANUAL DE VALAS COM AREIA PARA ATERRO. AF_08/2023 | E75: m³ | F75: 20.64 | G75: 92.46 | H75: 119.1 | I75: 2458.41 | J75: 0.00020395351
A76: Local | D76: Descrição | E76: Fórmula | I76: Quantidade
D77: BALDRAME | E77: 36,50725*0,30 | I77: 10.952175
D78: SAPATA | E78: 32,298*0,30 | I78: 9.6894
A79: 3.4 | B79: 96523 | C79: SINAPI | D79: ESCAVAÇÃO MANUAL PARA BLOCO DE COROAMENTO OU SAPATA (INCLUINDO ESCAVAÇÃO PARA COLOCAÇÃO DE FÔRMAS). AF_01/2024 | E79: m³ | F79: 32.29 | G79: 85.22 | H79: 109.78 | I79: 3545.67 | J79: 0.00029415429
A80: Local | D80: Descrição | E80: Fórmula | I80: Quantidade
D81: POSTO POLICIAL | E81: 0,8*0,8*0,8*4 | I81: 2.048
D82: BANHEIRO | E82: 1*1*1*4 | I82: 4
E83: 1*1*1*2 | I83: 2
E84: 0,8*0,8*1*4 | I84: 2.56
E85: 1,3*1,3*1 | I85: 1.69
E86: 1*1*1*2 | I86: 2
D87: TERMINAL RODOVIARIO | E87: 1,5*1,5*0,5*16 | I87: 18
A88: 4 | D88: FUNDAÇÕES | F88: 1 | H88: 30548.68 | I88: 30548.68 | J88: 0.0025343659
A89: 4.1 | D89: CONCRETO ARMADO PARA FUNDAÇÕES | F89: 1 | H89: 30548.68 | I89: 30548.68 | J89: 0.0025343659
A90: 4.1.1 | B90: 96540 | C90: SINAPI | D90: FABRICAÇÃO, MONTAGEM E DESMONTAGEM DE FÔRMA PARA BLOCO DE COROAMENTO, EM CHAPA DE MADEIRA COMPENSADA RESINADA, E=17 MM, 4 UTILIZAÇÕES. AF_01/2024 | E90: m² | F90: 39.32 | G90: 133.6 | H90: 172.1 | I90: 6767.83 | J90: 0.00056146969
A91: Local | D91: Descrição | E91: Fórmula | I91: Quantidade
D92: BANHEIRO: SAPATE E ARRANQUE | E92: 21/4 | I92: 5.25
D93: BALDRAMES | E93: 24,90/4 | I93: 6.225
D94: POSTO: SAPATE E ARRANQUE | E94: 5,40/4 | I94: 1.35
D95: BALDRAME | E95: 10/4 | I95: 2.5
D96: SAPATA TERMINAL RODOVIARIO | E96: 96/4 | I96: 24
A97: 4.1.2 | B97: 104923 | C97: SINAPI | D97: CONCRETAGEM DE SAPATA CORRIDA, FCK 30 MPA, COM USO DE JERICA - LANÇAMENTO, ADENSAMENTO E ACABAMENTO. AF_01/2024 | E97: m³ | F97: 8 | G97: 760.3 | H97: 979.41 | I97: 7835.28 | J97: 0.000650027
A98: Local | D98: Descrição | E98: Fórmula | I98: Quantidade
D99: BANHEIRO: SAPATA E ARRANQUE | E99: 4,5 | I99: 4.5
D100: BALDRAME | E100: 2 | I100: 2
D101: POSTO: SAPATA E ARRANQUE | E101: 0,75 | I101: 0.75
...

Sheet ENCARGOS SOCIAIS
A1: ALAGOAS VIGÊNCIA APARTIR DE 01/2025
A3: CÕDIGO | B3: DESCRIÇÃO
C4: HORISTA MENSALISTA | E4: HORISTA MENSALISTA
A6: A1 | B6: INSS | C6: 0.05 | D6: 0.05 | E6: 0.2 | F6: 0.2
A7: A2 | B7: SESI | C7: 0.015 | D7: 0.015 | E7: 0.015 | F7: " 1,50%
A8: A3 | B8: SENAI | C8: 0.01 | D8: 0.01 | E8: 0.01 | F8: 0.01
A9: A4 | B9: INCRA | C9: 0.002 | D9: 0.002 | E9: 0.002 | F9: 0.002
A10: A5 | B10: SEBRAE | C10: 0.006 | D10: 0.006 | E10: 0,600/ | F10: 0.006
A11: A6 | B11: Salário Educação | C11: 0.025 | D11: 0.025 | E11: 0.025 | F11: 0.025
A12: A7 | B12: Seguro Contra Acidentes de Trabalho | C12: 0.03 | D12: 0.03 | E12: 3 | F12: 0.03
A13: A8 | B13: FGTS | C13: 0.08 | D13: 0.08 | E13: 0.08 | F13: 0.08
A14: A9 | B14: SECONCI | C14: 0 | D14: 0 | E14: 0 | F14: 0
A15: A | B15: Total | C15: 0.218 | D15: 0.218 | E15: 0.368 | F15: 0.368
A17: B1 | B17: Repouso Semanal Remunerado | C17: 0.1805 | D17: Não incide | E17: 0.1805 | F17: Não incide
A18: B2 | B18: Feriados | C18: 0.0467 | D18: Não incide | E18: 0.0467 | F18: Não incide
A19: B3 | B19: Auxílio - Enfermidade | C19: 0.0086 | D19: 0.0065 | E19: 0,860/ | F19: 0.0065
A20: B4 | B20: 13º Salário | C20: 0.1102 | D20: 0.0833 | E20: 0.1102 | F20: 0.0833
A21: B5 | B21: Licença Paternidade | C21: 0.0007 | D21: 0.0005 | E21: 0.0007 | F21: 0.0005
A22: B6 | B22: Faltas Justificadas | C22: 0.0073 | D22: 0.0056 | E22: 0.0073 | F22: 0.0056
A23: B7 | B23: Dias de Chuvas | C23: 0.0181 | D23: Não incide | E23: 0.0181 | F23: Não incide
A24: B8 | B24: Auxílio Acidente de Trabalho | C24: 0.001 | D24: 0.0007 | E24: 0.001 | F24: 0.0007
A25: B9 | B25: Férias Gozadas | C25: 0.1051 | D25: 0.0795 | E25: 0.1051 | F25: 0.0795
A26: B10 | B26: Salário Maternidade | C26: 0.0003 | D26: 0.0003 | E26: 0.0003 | F26: 0.0003
A27: B | B27: Total | C27: 0.4785 | D27: 0.1764 | E27: 0.4785 | F27: 0.1764
A29: C1 | B29: Aviso Prévio Indenizado | C29: 0.0479 | D29: 0.0362 | E29: 0.0479 | F29: 0.0362
A30: C2 | B30: Aviso Prévio Trabalhado | C30: 0.0011 | D30: 0.0009 | E30: 0.0011 | F30: 0.0009
A31: C3 | B31: Férias Indenizadas | C31: 0.0351 | D31: 0.0265 | E31: 0.0351 | F31: 0.0265
A32: C4 | B32: Depósito Rescisão Sem Justa Causa | C32: 0.0292 | D32: 0.0221 | E32: 0.0292 | F32: 0.0221
A33: C5 | B33: Indenização Adicional | C33: 0.004 | D33: 0.003 | E33: 0,40Ã | F33: 0.003
A34: C | B34: Total | C34: 0.1173 | D34: 0.0887 | E34: 0.1173 | F34: 0.0887
A36: D1 | B36: Reincidência de Grupo A sobre Grupo B (sem considerar INNS sobre 13º, conforme Lei n° 14.973/2024) | C36: 0.0988 | D36: 0.0343 | E36: 0.1761 | F36: 0.0649
A37: D2 | B37: Reincidência de Grupo A sobre Aviso Prévio Trabalhado e Reincidência do FGTS sobre Aviso Prévio Indenizado | C37: 0.0041 | D37: 0.0031 | E37: 0.0042 | F37: 0.0032
B38: Total | C38: 0.1029 | D38: 0.0374 | E38: 0.1803 | F38: 0.0681
